Workbook

Sheet Matrix_Tablev2
A1: Matrix_Tablev2
A2: Tab | B2: Title | C2: Category
A3: 1 | B3: General Info (Agency) | C3: General Info
A4: 2 | B4: OwnershipInfo(Property) | C4: General Info
A5: 3 | B5: Reclass&AdjofTrialBalance | C5: Rate Setting
A6: 4 | B6: SummaryOfCosts&CalcOfCareCost | C6: Rate Setting
A7: 5 | B7: Service Statistics | C7: Additional Info
A8: 6 | B8: Telehealth Statistics | C8: Additional Info
A9: 7 | B9: Reimbursement Info | C9: Additional Info
A10: 8 | B10: CompAnalysis(Staff) | C10: Additional Info
A11: 8a | B11: CompAnalysis(ContractEmpl) | C11: Additional Info
A12: 9 | B12: Proposed Minimum Wage | C12: Additional Info
A13: 10 | B13: Operating Expenses (Actual) | C13: Additional Info
A14: 10a | B14: Operating Expenses (Budgeted) | C14: Additional Info
A15: 11 | B15: Balance Sheet (Assets) | C15: Financials
A16: 11a | B16: Balance Sheet (Liability) | C16: Financials
A17: 12 | B17: Statement Of Changes | C17: Financials
A18: 13 | B18: Statement OfRevenue&Expenses | C18: Financials

Sheet Schedule 1
A1: Schedule 1: General Information - Agency
C2: 001
A3: Agency Information
A4: Name of Agency | B4: 001
A5: Federal Tax ID | B5: 002
A6: Agency Type (Proprietary, Voluntary, or Public) | B6: 003
A7: Address Line 1 | B7: 004
A8: Address Line 2 | B8: 005
A9: City | B9: 006
A10: State | B10: 007
A11: Zip | B11: 008
A12: Contact Person:
A13: Name | B13: 009
A14: Title | B14: 010
A15: Telephone Number | B15: 011
A16: E-Mail address | B16: 012
A17: Entity Types (Enter total quantity of CHHA, LHCSA, and FI entities operated by the above agency):
A18: Certified Home Health Agency | B18: 013
A19: Licensed Home Care Services Agency | B19: 014
A20: Fiscal Intermediary | B20: 015

Sheet Schedule 2
A1: Schedule 2: General Information - Entity
C2: 001
A3: Entity Information:
A4: Name of Entity | B4: 001
A5: Entity Type | B5: 002
A6: Type (Proprietary, Voluntary, or Public) | B6: 003
A7: Address Line 1 | B7: 004
A8: City | B8: 005
A9: State | B9: 006
A10: Zip | B10: 007
A11: County(ies)/Region Served | B11: 008
A12: MMIS ID Number | B12: 009
A13: Operating Certificate | B13: 010
A14: License Number | B14: 011
A15: Direct Care Standard Hours Per Work Week | B15: 012
A16: Program Administration Standard Hours Per Week | B16: 013
A17: Contact Person:
A18: Name | B18: 014
A19: Title | B19: 015
A20: Telephone Number | B20: 016
A21: E-Mail address | B21: 017

Sheet Schedule 3a
A1: CHHA Name
A2: CHHA Operating Certificate
A3: Schedule 3a: CHHA Costs & Expenses by Service Type | C3: Total Entity Costs (002 + 003 + 004) | D3: Non-Reimbursable Costs (Adjustment to Expense) | E3: Non-Reimbursable WR&R Costs | F3: Total Reimbursable Costs (Sum of columns 005 through 011) | G3: Program Administration | H3: Program Aide (Direct Care) | I3: Program RN Supervision/ Assessment (Direct Care) | J3: Program Staff Training | K3: Transportation | L3: Contracted Purchased Services | M3: Other
C4: 001 | D4: 002 | E4: 003 | F4: 004 | G4: 005 | H4: 006 | I4: 007 | J4: 008 | K4: 009 | L4: 010 | M4: 011
A5: Direct Care: CHHA Pediatric Costs & Expenses by Service Type
A6: Home Health Aide | B6: 001 | C6: =SUM(D6:F6) -> 0 | F6: =SUM(G6:M6) -> 0
A7: Home Health Physical Therapy | B7: 002 | C7: =SUM(D7:F7) -> 0 | F7: =SUM(G7:M7) -> 0
A8: Home Health Occupational Therapy | B8: 003 | C8: =SUM(D8:F8) -> 0 | F8: =SUM(G8:M8) -> 0
A9: Home Health Registered Nurse | B9: 004 | C9: =SUM(D9:F9) -> 0 | F9: =SUM(G9:M9) -> 0
A10: Home Health Medical Social Services | B10: 005 | C10: =SUM(D10:F10) -> 0 | F10: =SUM(G10:M10) -> 0
A11: Home Health Nutrition | B11: 006 | C11: =SUM(D11:F11) -> 0 | F11: =SUM(G11:M11) -> 0
A12: Home Health Speech Therapy | B12: 007 | C12: =SUM(D12:F12) -> 0 | F12: =SUM(G12:M12) -> 0
A13: Home Health Respiratory Therapy | B13: 008 | C13: =SUM(D13:F13) -> 0 | F13: =SUM(G13:M13) -> 0
A14: Home Social & Environmental Support | B14: 009 | C14: =SUM(D14:F14) -> 0 | F14: =SUM(G14:M14) -> 0
A15: Home Health Sign Language/Oral Interpreter | B15: 010 | C15: =SUM(D15:F15) -> 0 | F15: =SUM(G15:M15) -> 0
A16: Nursing Supervision | B16: 011 | C16: =SUM(D16:F16) -> 0 | F16: =SUM(G16:M16) -> 0
A17: Nursing Assessment | B17: 012 | C17: =SUM(D17:F17) -> 0 | F17: =SUM(G17:M17) -> 0
A18: Subtotal (reimbursable services) | B18: 013 | C18: =SUM(C10:C17) -> 0 | D18: =SUM(D10:D17) -> 0 | E18: =SUM(E10:E17) -> 0 | F18: =SUM(F10:F17) -> 0 | G18: =SUM(G10:G17) -> 0 | H18: =SUM(H10:H17) -> 0 | I18: =SUM(I10:I17) -> 0 | J18: =SUM(J10:J17) -> 0 | ... M18: =SUM(M10:M17) -> 0
A19: Direct Care: CHHA Episodic Adult Costs & Expenses by Service Type
A20: Home Health Aide | B20: 013 | C20: =SUM(D20:F20) -> 0 | F20: =SUM(G20:M20) -> 0
A21: Home Health Physical Therapy | B21: 014 | C21: =SUM(D21:F21) -> 0 | F21: =SUM(G21:M21) -> 0
A22: Home Health Occupational Therapy | B22: 015 | C22: =SUM(D22:F22) -> 0 | F22: =SUM(G22:M22) -> 0
A23: Home Health Registered Nurse | B23: 016 | C23: =SUM(D23:F23) -> 0 | F23: =SUM(G23:M23) -> 0
A24: Home Health Medical Social Services | B24: 017 | C24: =SUM(D24:F24) -> 0 | F24: =SUM(G24:M24) -> 0
A25: Home Health Nutrition | B25: 018 | C25: =SUM(D25:F25) -> 0 | F25: =SUM(G25:M25) -> 0
A26: Home Health Speech Therapy | B26: 019 | C26: =SUM(D26:F26) -> 0 | F26: =SUM(G26:M26) -> 0
A27: Home Health Respiratory Therapy | B27: 020 | C27: =SUM(D27:F27) -> 0 | F27: =SUM(G27:M27) -> 0
A28: Home Social & Environmental Support | B28: 021 | C28: =SUM(D28:F28) -> 0 | F28: =SUM(G28:M28) -> 0
A29: Home Health Sign Language/Oral Interpreter | B29: 022 | C29: =SUM(D29:F29) -> 0 | F29: =SUM(G29:M29) -> 0
A30: Nursing Supervision | B30: 023 | C30: =SUM(D30:F30) -> 0 | F30: =SUM(G30:M30) -> 0
A31: Nursing Assessment | B31: 024 | C31: =SUM(D31:F31) -> 0 | F31: =SUM(G31:M31) -> 0
A32: Subtotal (reimbursable services) | B32: 025 | C32: =SUM(C23:C31) -> 0 | D32: =SUM(D23:D31) -> 0 | E32: =SUM(E23:E31) -> 0 | F32: =SUM(F23:F31) -> 0 | G32: =SUM(G23:G31) -> 0 | H32: =SUM(H23:H31) -> 0 | I32: =SUM(I23:I31) -> 0 | J32: =SUM(J23:J31) -> 0 | ... M32: =SUM(M23:M31) -> 0
A33: Other Non-Reimbursable Services | B33: 026 | C33: =SUM(D33:F33) -> 0 | F33: =SUM(G33:M33) -> 0
A34: Personal Care Services | B34: 027 | C34: =SUM(D34:F34) -> 0 | F34: =SUM(G34:M34) -> 0
A35: GRAND TOTAL | B35: 028 | C35: =SUM(C31:C34) -> 0 | D35: =SUM(D31:D34) -> 0 | E35: =SUM(E31:E34) -> 0 | F35: =SUM(F31:F34) -> 0 | G35: =SUM(G31:G34) -> 0 | H35: =SUM(H31:H34) -> 0 | I35: =SUM(I31:I34) -> 0 | J35: =SUM(J31:J34) -> 0 | ... M35: =SUM(M31:M34) -> 0

Sheet Schedule 3b
A1: LHCSA Name
A2: LHCSA County
A3: Schedule 3b: LHCSA Costs & Expenses by Service Type | C3: Total Entity Costs (002 + 003 + 004) | D3: Non-Reimbursable Costs (Adjustment to Expense) | E3: Non-Reimbursable WR&R Costs | F3: Total Reimbursable Costs (Sum of columns 005 through 011) | G3: Program Administration | H3: Program Aide (Direct Care) | I3: Program RN Supervision/ Assessment (Direct Care) | J3: Program Staff Training | K3: Transportation | L3: Contracted Purchased Services | M3: Other
C4: 001 | D4: 002 | E4: 003 | F4: 004 | G4: 005 | H4: 006 | I4: 007 | J4: 008 | K4: 009 | L4: 010 | M4: 011
A5: Direct Care
A6: PC: Level I | B6: 001 | C6: =SUM(D6:F6) -> 0 | F6: =SUM(G6:M6) -> 0
A7: PC: Level II | B7: 002 | C7: =SUM(D7:F7) -> 0 | F7: =SUM(G7:M7) -> 0
A8: PC: Level II - Hard to Serve | B8: 003 | C8: =SUM(D8:F8) -> 0 | F8: =SUM(G8:M8) -> 0
A9: Live-In | B9: 004 | C9: =SUM(D9:F9) -> 0 | F9: =SUM(G9:M9) -> 0
A10: Nursing Supervision | B10: 005 | C10: =SUM(D10:F10) -> 0 | F10: =SUM(G10:M10) -> 0
A11: Nursing Assessment | B11: 006 | C11: =SUM(D11:F11) -> 0 | F11: =SUM(G11:M11) -> 0
A12: Shared Aide: Level I | B12: 007 | C12: =SUM(D12:F12) -> 0 | F12: =SUM(G12:M12) -> 0
A13: Shared Aide: Level II | B13: 008 | C13: =SUM(D13:F13) -> 0 | F13: =SUM(G13:M13) -> 0
A14: Subtotal (reimbursable services) | B14: 009 | C14: =SUM(C6:C13) -> 0 | D14: =SUM(D6:D13) -> 0 | E14: =SUM(E6:E13) -> 0 | F14: =SUM(F6:F13) -> 0 | G14: =SUM(G6:G13) -> 0 | H14: =SUM(H6:H13) -> 0 | I14: =SUM(I6:I13) -> 0 | J14: =SUM(J6:J13) -> 0 | ... M14: =SUM(M6:M13) -> 0
A15: Other Non-Reimbursable Services | B15: 010 | C15: =SUM(D15:F15) -> 0 | F15: =SUM(G15:M15) -> 0
A16: Subcontractor Services | B16: 011 | C16: =SUM(D16:F16) -> 0 | F16: =SUM(G16:M16) -> 0
A17: Home Health Aide | B17: 012 | C17: =SUM(D17:F17) -> 0 | F17: =SUM(G17:M17) -> 0
A18: GRAND TOTAL | B18: 013 | C18: =-SUM(C14:C17) -> 0 | D18: =-SUM(D14:D17) -> 0 | E18: =-SUM(E14:E17) -> 0 | F18: =-SUM(F14:F17) -> 0 | G18: =-SUM(G14:G17) -> 0 | H18: =-SUM(H14:H17) -> 0 | I18: =-SUM(I14:I17) -> 0 | J18: =-SUM(J14:J17) -> 0 | ... M18: =-SUM(M14:M17) -> 0

Sheet Schedule 3c
A1: FI Name
A2: FI County
A3: Schedule 3c: FI Costs & Expenses by Service Type | C3: Total Entity Costs (002 + 003 + 004) | D3: Non-Reimbursable Costs (Adjustment to Expense) | E3: Non-Reimbursable WR&R Costs | F3: Total Reimbursable Costs (Sum of columns 005 through 011) | G3: Program Administration | H3: Program Aide (Direct Care) | I3: Program RN Supervision/ Assessment (Direct Care) | J3: Program Staff Training | K3: Transportation | L3: Contracted Purchased Services | M3: Other
C4: 001 | D4: 002 | E4: 003 | F4: 004 | G4: 005 | H4: 006 | I4: 007 | J4: 008 | K4: 009 | L4: 010 | M4: 011
A5: Direct Care
A6: CDPAS: Individual - Basic | B6: 001 | C6: =SUM(D6:F6) -> 0 | F6: =SUM(G6:M6) -> 0
A7: CDPAS: Individual - Hard to Serve | B7: 002 | C7: =SUM(D7:F7) -> 0 | F7: =SUM(G7:M7) -> 0
A8: CDPAS: Individual - Live-In | B8: 003 | C8: =SUM(D8:F8) -> 0 | F8: =SUM(G8:M8) -> 0
A9: CDPAS: Multiple - Basic | B9: 004 | C9: =SUM(D9:F9) -> 0 | F9: =SUM(G9:M9) -> 0
A10: CDPAS: Multiple - Hard to Serve | B10: 005 | C10: =SUM(D10:F10) -> 0 | F10: =SUM(G10:M10) -> 0
A11: CDPAS: Multiple - Live-In | B11: 006 | C11: =SUM(D11:F11) -> 0 | F11: =SUM(G11:M11) -> 0
A12: Subtotal (reimbursable services) | B12: 007 | C12: =SUM(C6:C11) -> 0 | D12: =SUM(D6:D11) -> 0 | E12: =SUM(E6:E11) -> 0 | F12: =SUM(F6:F11) -> 0 | G12: =SUM(G6:G11) -> 0 | H12: =SUM(H6:H11) -> 0 | I12: =SUM(I6:I11) -> 0 | J12: =SUM(J6:J11) -> 0 | ... M12: =SUM(M6:M11) -> 0
A13: Other Non-Reimbursable Services | B13: 008 | C13: =SUM(D13:F13) -> 0 | F13: =SUM(G13:M13) -> 0
A14: GRAND TOTAL | B14: 009 | C14: =SUM(C12:C13) -> 0 | D14: =SUM(D12:D13) -> 0 | E14: =SUM(E12:E13) -> 0 | F14: =SUM(F12:F13) -> 0 | G14: =SUM(G12:G13) -> 0 | H14: =SUM(H12:H13) -> 0 | I14: =SUM(I12:I13) -> 0 | J14: =SUM(J12:J13) -> 0 | ... M14: =SUM(M12:M13) -> 0

Sheet Schedule 4a
A1: CHHA Name
A2: CHHA Operating Certificate
A3: Schedule 4a: CHHA General Service Cost Centers | C3: Program Administration | D3: Direct Care Non-personnel Costs
A4: GENERAL SERVICE COST CENTERS: PEDIATRIC SERVICES COSTS
A5: Criminal Background Check & Fingerprinting | B5: 001
A6: Capital Related - Building & Fixtures | B6: 002
A7: Capital Related - Movable Equipment | B7: 003
A8: Plant Operations & Maintenance | B8: 004
A9: Rent | B9: 005
A10: Interest-Property | B10: 006
A11: Depreciation | B11: 007
A12: Transportation | B12: 008
A13: Utilities | B13: 009
A14: Office Supplies & Materials | B14: 010
A15: Insurance | B15: 011
A16: Administration & General | B16: 012
... A18: Medical Supplies | B18: 014
A19: GENERAL SERVICE COST CENTERS: EPISODIC ADULT SERVICES COSTS
A20: Criminal Background Check & Fingerprinting | B20: 015
A21: Capital Related - Building & Fixtures | B21: 016
A22: Capital Related - Movable Equipment | B22: 017
A23: Plant Operations & Maintenance | B23: 018
A24: Rent | B24: 019
A25: Interest-Property | B25: 020
A26: Depreciation | B26: 021
A27: Transportation | B27: 022
A28: Utilities | B28: 023
A29: Office Supplies & Materials | B29: 024
A30: Insurance | B30: 025
A31: Administration & General | B31: 026
... A33: Medical Supplies | B33: 028
A34: Grand Total | B34: 029 | C34: =SUM(C20:C33) -> 0 | D34: =SUM(D20:D33) -> 0

Sheet Schedule 4b
A1: LHCSA Name
A2: LHCSA County
A3: Schedule 4b: LHCSA General Service Cost Centers | C3: Program Administration | D3: Direct Care Non-Personnel Costs
C4: 1 | D4: 2
A5: GENERAL SERVICE COST CENTERS
A6: Criminal Background Check & Fingerprinting | B6: 001
A7: Capital Related - Building & Fixtures | B7: 002
A8: Capital Related - Movable Equipment | B8: 003
A9: Plant Operations & Maintenance | B9: 004
A10: Rent | B10: 005
A11: Interest-Property | B11: 006
A12: Depreciation | B12: 007
A13: Transportation | B13: 008
A14: Utilities | B14: 009
A15: Office Supplies & Materials | B15: 010
A16: Insurance | B16: 011
A17: Administration & General | B17: 012
... A19: Medical Supplies | B19: 014
A20: Grand Total | B20: 015 | C20: =SUM(C6:C19) -> 0 | D20: =SUM(D6:D19) -> 0

Sheet Schedule 4c
A1: FI Name
A2: FI County
A3: Schedule 4c: FI General Service Cost Centers | C3: Program Administration | D3: Direct Care Non-personnel Costs
C4: 1 | D4: 2
A5: GENERAL SERVICE COST CENTERS
A6: Criminal Background Check & Fingerprinting | B6: 001
A7: Capital Related - Building & Fixtures | B7: 002
A8: Capital Related - Movable Equipment | B8: 003
A9: Plant Operations & Maintenance | B9: 004
A10: Rent | B10: 005
A11: Interest-Property | B11: 006
A12: Depreciation | B12: 007
A13: Transportation | B13: 008
A14: Utilities | B14: 009
A15: Office Supplies & Materials | B15: 010
A16: Insurance | B16: 011
A17: Employee physicals/uniforms/immunizations | B17: 012
... A19: Medical Supplies | B19: 014
A20: Grand Total | B20: 015 | C20: =SUM(C6:C19) -> 0 | D20: =SUM(D6:D19) -> 0

Sheet Schedule 5a
A1: CHHA Name
A2: CHHA Operating Certificate
A3: Schedule 5a: CHHA Service Statistics | C3: Medicaid | U3: Dual-eligible | X3: Medicare | AA3: Private Pay | AD3: Other | AG3: Total
C4: FFS | I4: MC | O4: Total Medicaid (FFS + MC) | U4: Patients | V4: Units of Service: Visits/Days | W4: Units of Service: Hours | X4: Patients | Y4: Units of Service: Visits/Days | Z4: Units of Service: Hours | AA4: Patients | AB4: Units of Service: Visits/Days | AC4: Units of Service: Hours | AD4: Patients | AE4: Units of Service: Visits/Days | AF4: Units of Service: Hours | AG4: Total Unique Patients | AH4: Total Unique Units of Service: Visits/Days | AI4: Total Unique Units of Service: Hours | AJ4: Total Entity costs (from Schedule 3b, Column 001) | AK4: Total cost per unit (not reimbursement rate) | AL4: Total Cost per unit - Prior Year (not reimbursed rate) | AM4: Year- over- year (YoY) Change
C5: Patients | E5: Units of Service: Visits/Days | G5: Units of Service: Hours | I5: Patients | K5: Units of Service: Visits/Days | M5: Units of Service: Hours | O5: Patients | Q5: Units of Service: Visits/Days | S5: Units of Service: Hours
C6: 001 | E6: 002 | G6: 003 | I6: 004 | K6: 005 | M6: 006 | O6: 007 | Q6: 008 | S6: 009 | U6: 010 | V6: 011 | W6: 012 | X6: 013 | Y6: 014 | Z6: 015 | AA6: 016 | AB6: 017 | AC6: 018 | AD6: 019 | AE6: 020 | AF6: 021 | AG6: 022 | AH6: 023 | AI6: 024 | AJ6: 025 | AK6: 026 | AL6: 027 | AM6: 028
A7: CHHA Pediatric Direct Care
A8: Home Health Aide | B8: 001 | O8: =C8+I8 -> 0 | Q8: =E8+K8 -> 0 | S8: =G8+M8 -> 0 | AG8: =SUM(O8,X8,AA8,AD8) -> 0 | AI8: =SUM(R8,Y8,AB8,AE8) -> 0 | AM8: =AK8/AL8 -> #DIV/0!
A9: Home Health Physical Therapy | B9: 002 | O9: =C9+I9 -> 0 | Q9: =E9+K9 -> 0 | S9: =G9+M9 -> 0 | AG9: =SUM(O9,X9,AA9,AD9) -> 0 | AH9: =SUM(Q9,Y9,AB9,AE9) -> 0 | AM9: =AK9/AL9 -> #DIV/0!
A10: Home Health Occupational Therapy | B10: 003 | O10: =C10+I10 -> 0 | Q10: =E10+K10 -> 0 | S10: =G10+M10 -> 0 | AG10: =SUM(O10,X10,AA10,AD10) -> 0 | AH10: =SUM(Q10,Y10,AB10,AE10) -> 0 | AM10: =AK10/AL10 -> #DIV/0!
A11: Home Health Registered Nurse | B11: 004 | O11: =C11+I11 -> 0 | Q11: =E11+K11 -> 0 | S11: =G11+M11 -> 0 | AG11: =SUM(O11,X11,AA11,AD11) -> 0 | AH11: =SUM(Q11,Y11,AB11,AE11) -> 0 | AM11: =AK11/AL11 -> #DIV/0!
A12: Home Health Medical Social Services | B12: 005 | O12: =C12+I12 -> 0 | Q12: =E12+K12 -> 0 | S12: =G12+M12 -> 0 | AG12: =SUM(O12,X12,AA12,AD12) -> 0 | AH12: =SUM(Q12,Y12,AB12,AE12) -> 0 | AM12: =AK12/AL12 -> #DIV/0!
A13: Home Health Nutrition | B13: 006 | O13: =C13+I13 -> 0 | Q13: =E13+K13 -> 0 | S13: =G13+M13 -> 0 | AG13: =SUM(O13,X13,AA13,AD13) -> 0 | AH13: =SUM(Q13,Y13,AB13,AE13) -> 0 | AM13: =AK13/AL13 -> #DIV/0!
A14: Home Health Speech Therapy | B14: 007 | O14: =C14+I14 -> 0 | Q14: =E14+K14 -> 0 | S14: =G14+M14 -> 0 | AG14: =SUM(O14,X14,AA14,AD14) -> 0 | AH14: =SUM(Q14,Y14,AB14,AE14) -> 0 | AM14: =AK14/AL14 -> #DIV/0!
A15: Home Health Respiratory Therapy | B15: 008 | O15: =C15+I15 -> 0 | Q15: =E15+K15 -> 0 | S15: =G15+M15 -> 0 | AG15: =SUM(O15,X15,AA15,AD15) -> 0 | AI15: =SUM(R15,Y15,AB15,AE15) -> 0 | AM15: =AK15/AL15 -> #DIV/0!
A16: Home Social & Environmental Support | B16: 009 | O16: =C16+I16 -> 0 | Q16: =E16+K16 -> 0 | S16: =G16+M16 -> 0 | AG16: =SUM(O16,X16,AA16,AD16) -> 0 | AH16: =SUM(Q16,Y16,AB16,AE16) -> 0 | AM16: =AK16/AL16 -> #DIV/0!
A17: Home Health Sign Language/Oral Interpreter | B17: 010 | O17: =C17+I17 -> 0 | Q17: =E17+K17 -> 0 | S17: =G17+M17 -> 0 | AG17: =SUM(O17,X17,AA17,AD17) -> 0 | AH17: =SUM(Q17,Y17,AB17,AE17) -> 0 | AM17: =AK17/AL17 -> #DIV/0!
A18: Nursing Supervision | B18: 011 | O18: =C18+I18 -> 0 | Q18: =E18+K18 -> 0 | S18: =G18+M18 -> 0 | AG18: =SUM(O18,X18,AA18,AD18) -> 0 | AH18: =SUM(Q18,Y18,AB18,AE18) -> 0 | AM18: =AK18/AL18 -> #DIV/0!
A19: Nursing Assessment | B19: 012 | O19: =C19+I19 -> 0 | Q19: =E19+K19 -> 0 | S19: =G19+M19 -> 0 | AG19: =SUM(O19,X19,AA19,AD19) -> 0 | AH19: =SUM(Q19,Y19,AB19,AE19) -> 0 | AM19: =AK19/AL19 -> #DIV/0!
A20: Subtotal (reimbursable Pediatric services) | B20: 013 | C20: =SUM(C8:D20) -> 0 | E20: =SUM(E8:F19) -> 0 | G20: =SUM(G8:H19) -> 0 | I20: =SUM(I8:J19) -> 0 | K20: =SUM(K8:L19) -> 0 | M20: =SUM(M8:N19) -> 0 | O20: =SUM(O8:P19) -> 0 | Q20: =SUM(Q8:R19) -> 0 | S20: =SUM(S8:T19) -> 0 | U20: =SUM(U8:V19) -> 0 | V20: =SUM(V8:V19) -> 0 | W20: =SUM(W8:X19) -> 0 | X20: =SUM(X8:X19) -> 0 | Y20: =SUM(Y8:Z19) -> 0 | Z20: =SUM(Z8:Z19) -> 0 | AA20: =SUM(AA8:AB19) -> 0 | AB20: =SUM(AB8:AB19) -> 0 | AC20: =SUM(AC8:AC19) -> 0 | AD20: =SUM(AD8:AD19) -> 0 | AE20: =SUM(AE8:AE19) -> 0 | AF20: =SUM(AF8:AF19) -> 0 | AG20: =SUM(AG8:AG19) -> 0 | AH20: =SUM(AH8:AH19) -> 0 | AI20: =SUM(AI8:AI19) -> 0 | AM20: =AK20/AL20 -> #DIV/0!
A21: CHHA Adult Episodic Direct Care | AM21: =AK21/AL21 -> #DIV/0!
A22: Home Health Aide | B22: 014 | O22: =C22+I22 -> 0 | Q22: =E22+K22 -> 0 | S22: =G22+M22 -> 0 | AG22: =SUM(O22,X22,AA22,AD22) -> 0 | AI22: =SUM(R22,Y22,AB22,AE22) -> 0 | AM22: =AK22/AL22 -> #DIV/0!
A23: Home Health Physical Therapy | B23: 015 | O23: =C23+I23 -> 0 | Q23: =E23+K23 -> 0 | S23: =G23+M23 -> 0 | AG23: =SUM(O23,X23,AA23,AD23) -> 0 | AH23: =SUM(Q23,Y23,AB23,AE23) -> 0 | AM23: =AK23/AL23 -> #DIV/0!
A24: Home Health Occupational Therapy | B24: 016 | O24: =C24+I24 -> 0 | Q24: =E24+K24 -> 0 | S24: =G24+M24 -> 0 | AG24: =SUM(O24,X24,AA24,AD24) -> 0 | AH24: =SUM(Q24,Y24,AB24,AE24) -> 0 | AM24: =AK24/AL24 -> #DIV/0!
A25: Home Health Registered Nurse | B25: 017 | O25: =C25+I25 -> 0 | Q25: =E25+K25 -> 0 | S25: =G25+M25 -> 0 | AG25: =SUM(O25,X25,AA25,AD25) -> 0 | AH25: =SUM(Q25,Y25,AB25,AE25) -> 0 | AM25: =AK25/AL25 -> #DIV/0!
A26: Home Health Medical Social Services | B26: 018 | O26: =C26+I26 -> 0 | Q26: =E26+K26 -> 0 | S26: =G26+M26 -> 0 | AG26: =SUM(O26,X26,AA26,AD26) -> 0 | AH26: =SUM(Q26,Y26,AB26,AE26) -> 0 | AM26: =AK26/AL26 -> #DIV/0!
A27: Home Health Nutrition | B27: 019 | O27: =C27+I27 -> 0 | Q27: =E27+K27 -> 0 | S27: =G27+M27 -> 0 | AG27: =SUM(O27,X27,AA27,AD27) -> 0 | AH27: =SUM(Q27,Y27,AB27,AE27) -> 0 | AM27: =AK27/AL27 -> #DIV/0!
A28: Home Health Speech Therapy | B28: 020 | O28: =C28+I28 -> 0 | Q28: =E28+K28 -> 0 | S28: =G28+M28 -> 0 | AG28: =SUM(O28,X28,AA28,AD28) -> 0 | AH28: =SUM(Q28,Y28,AB28,AE28) -> 0 | AM28: =AK28/AL28 -> #DIV/0!
A29: Home Health Respiratory Therapy | B29: 021 | O29: =C29+I29 -> 0 | Q29: =E29+K29 -> 0 | S29: =G29+M29 -> 0 | AG29: =SUM(O29,X29,AA29,AD29) -> 0 | AI29: =SUM(R29,Y29,AB29,AE29) -> 0 | AM29: =AK29/AL29 -> #DIV/0!
A30: Home Social & Environmental Support | B30: 022 | O30: =C30+I30 -> 0 | Q30: =E30+K30 -> 0 | S30: =G30+M30 -> 0 | AG30: =SUM(O30,X30,AA30,AD30) -> 0 | AH30: =SUM(Q30,Y30,AB30,AE30) -> 0 | AM30: =AK30/AL30 -> #DIV/0!
A31: Home Health Sign Language/Oral Interpreter | B31: 023 | O31: =C31+I31 -> 0 | Q31: =E31+K31 -> 0 | S31: =G31+M31 -> 0 | AG31: =SUM(O31,X31,AA31,AD31) -> 0 | AH31: =SUM(Q31,Y31,AB31,AE31) -> 0 | AM31: =AK31/AL31 -> #DIV/0!
A32: Nursing Supervision | B32: 024 | O32: =C32+I32 -> 0 | Q32: =E32+K32 -> 0 | S32: =G32+M32 -> 0 | AG32: =SUM(O32,X32,AA32,AD32) -> 0 | AH32: =SUM(Q32,Y32,AB32,AE32) -> 0 | AM32: =AK32/AL32 -> #DIV/0!
A33: Nursing Assessment | B33: 025 | O33: =C33+I33 -> 0 | Q33: =E33+K33 -> 0 | S33: =G33+M33 -> 0 | AG33: =SUM(O33,X33,AA33,AD33) -> 0 | AH33: =SUM(Q33,Y33,AB33,AE33) -> 0 | AM33: =AK33/AL33 -> #DIV/0!
A34: Subtotal (reimbursable Adult services) | B34: 026 | C34: =SUM(C22:D34) -> 0 | E34: =SUM(E22:F33) -> 0 | G34: =SUM(G22:H33) -> 0 | I34: =SUM(I22:J33) -> 0 | K34: =SUM(K22:L33) -> 0 | M34: =SUM(M22:N33) -> 0 | O34: =SUM(O22:P33) -> 0 | Q34: =SUM(Q22:R33) -> 0 | S34: =SUM(S22:T33) -> 0 | U34: =SUM(U22:V33) -> 0 | V34: =SUM(V22:V33) -> 0 | W34: =SUM(W22:X33) -> 0 | X34: =SUM(X22:X33) -> 0 | Y34: =SUM(Y22:Z33) -> 0 | Z34: =SUM(Z22:Z33) -> 0 | AA34: =SUM(AA22:AB33) -> 0 | AB34: =SUM(AB22:AB33) -> 0 | AC34: =SUM(AC22:AC33) -> 0 | AD34: =SUM(AD22:AD33) -> 0 | AE34: =SUM(AE22:AE33) -> 0 | AF34: =SUM(AF22:AF33) -> 0 | AG34: =SUM(AG22:AG33) -> 0 | AH34: =SUM(AH22:AH33) -> 0 | AI34: =SUM(AI22:AI33) -> 0 | AM34: =AK34/AL34 -> #DIV/0!
A35: Other Non-Reimbursable Services | B35: 027 | O35: =C35+I35 -> 0 | Q35: =E35+K35 -> 0 | S35: =G35+M35 -> 0 | AG35: =SUM(Q35,Y35,AB35,AE35) -> 0 | AH35: =SUM(Q35,Y35,AB35,AE35) -> 0 | AI35: =SUM(R35,Y35,AB35,AE35) -> 0 | AM35: =AK35/AL35 -> #DIV/0!
A36: Personal Care Services | B36: 028 | O36: =C36+I36 -> 0 | Q36: =E36+K36 -> 0 | S36: =G36+M36 -> 0 | AG36: =SUM(Q36,Y36,AB36,AE36) -> 0 | AI36: =SUM(R36,Y36,AB36,AE36) -> 0 | AM36: =AK36/AL36 -> #DIV/0!
A37: GRAND TOTAL | B37: 029 | C37: =SUM(C34:D36) -> 0 | E37: =SUM(E34:F36) -> 0 | G37: =SUM(G34:H36) -> 0 | I37: =SUM(I34:J36) -> 0 | K37: =SUM(K34:L36) -> 0 | M37: =SUM(M34:N36) -> 0 | O37: =SUM(O34:P36) -> 0 | Q37: =SUM(Q34:R36) -> 0 | S37: =SUM(S34:T36) -> 0 | U37: =SUM(U34:V36) -> 0 | V37: =SUM(V34:V36) -> 0 | W37: =SUM(W34:W36) -> 0 | X37: =SUM(X34:X36) -> 0 | Y37: =SUM(Y34:Y36) -> 0 | Z37: =SUM(Z34:Z36) -> 0 | AA37: =SUM(AA34:AA36) -> 0 | AB37: =SUM(AB34:AB36) -> 0 | AC37: =SUM(AC34:AC36) -> 0 | ... AI37: =SUM(AI34:AI36) -> 0 | AM37: =AK37/AL37 -> #DIV/0!

Sheet Schedule 5b
A1: LHCSA Name
A2: LHCSA County
A3: Schedule 5b: LHCSA Service Statistics | C3: Medicaid | U3: Dual-eligible | X3: Medicare | AA3: Private Pay | AD3: Other | AG3: Total
C4: FFS | I4: MC | O4: Total Medicaid (FFS + MC) | U4: Patients | V4: Units of Service: Visits/Days | W4: Units of Service: Hours | X4: Patients | Y4: Units of Service: Visits/Days | Z4: Units of Service: Hours | AA4: Patients | AB4: Units of Service: Visits/Days | AC4: Units of Service: Hours | AD4: Patients | AE4: Units of Service: Visits/Days | AF4: Units of Service: Hours | AG4: Total Unique Patients | AH4: Total Unique Units of Service: Visits/Days | AI4: Total Unique Units of Service: Hours | AJ4: Total Entity costs (from Schedule 3b, Column 001) | AK4: Total cost per unit (not reimbursement rate) | AL4: Total Cost per unit - Prior Year (not reimbursed rate) | AM4: Year- over- year (YoY) Change
C5: Patients | E5: Units of Service: Visits/Days | G5: Units of Service: Hours | I5: Patients | K5: Units of Service: Visits/Days | M5: Units of Service: Hours | O5: Patients | Q5: Units of Service: Visits/Days | S5: Units of Service: Hours
C6: 001 | E6: 002 | G6: 003 | I6: 004 | K6: 005 | M6: 006 | O6: 007 | Q6: 008 | S6: 009 | U6: 010 | V6: 011 | W6: 012 | X6: 013 | Y6: 014 | Z6: 015 | AA6: 016 | AB6: 017 | AC6: 018 | AD6: 019 | AE6: 020 | AF6: 021 | AG6: 022 | AH6: 023 | AI6: 024 | AJ6: 025 | AK6: 026 | AL6: 027 | AM6: 028
A7: Direct Care
A8: PC: Level I | B8: 001 | O8: =C8+I8 -> 0 | Q8: =E8+K8 -> 0 | S8: =G8+M8 -> 0 | AG8: =SUM(O8,X8,AA8,AD8) -> 0 | AI8: =SUM(S8,Z8,AC8,AF8) -> 0 | AK8: =AJ8/AI8 -> #DIV/0! | AM8: =AK8/AL8 -> #DIV/0!
A9: PC: Level II | B9: 002 | O9: =C9+I9 -> 0 | Q9: =E9+K9 -> 0 | S9: =G9+M9 -> 0 | AG9: =SUM(O9,X9,AA9,AD9) -> 0 | AI9: =SUM(S9,Z9,AC9,AF9) -> 0 | AK9: =AJ9/AI9 -> #DIV/0! | AM9: =AK9/AL9 -> #DIV/0!
A10: PC: Level II - Hard to Serve | B10: 003 | O10: =C10+I10 -> 0 | Q10: =E10+K10 -> 0 | S10: =G10+M10 -> 0 | AG10: =SUM(O10,X10,AA10,AD10) -> 0 | AI10: =SUM(S10,Z10,AC10,AF10) -> 0 | AK10: =AJ10/AI10 -> #DIV/0! | AM10: =AK10/AL10 -> #DIV/0!
A11: Live-In | B11: 004 | O11: =C11+I11 -> 0 | Q11: =E11+K11 -> 0 | S11: =G11+M11 -> 0 | AG11: =SUM(O11,X11,AA11,AD11) -> 0 | AH11: =SUM(Q11,Y11,AB11,AE11) -> 0 | AK11: =AJ11/AH11 -> #DIV/0! | AM11: =AK11/AL11 -> #DIV/0!
A12: Nursing Supervision | B12: 005 | O12: =C12+I12 -> 0 | Q12: =E12+K12 -> 0 | S12: =G12+M12 -> 0 | AG12: =SUM(O12,X12,AA12,AD12) -> 0 | AH12: =SUM(Q12,Y12,AB12,AE12) -> 0 | AK12: =AJ12/AH12 -> #DIV/0! | AM12: =AK12/AL12 -> #DIV/0!
A13: Nursing Assessment | B13: 006 | O13: =C13+I13 -> 0 | Q13: =E13+K13 -> 0 | S13: =G13+M13 -> 0 | AG13: =SUM(O13,X13,AA13,AD13) -> 0 | AH13: =SUM(Q13,Y13,AB13,AE13) -> 0 | AK13: =AJ13/AH13 -> #DIV/0! | AM13: =AK13/AL13 -> #DIV/0!
A14: Shared Aide: Level I | B14: 007 | O14: =C14+I14 -> 0 | Q14: =E14+K14 -> 0 | S14: =G14+M14 -> 0 | AG14: =SUM(O14,X14,AA14,AD14) -> 0 | AI14: =SUM(S14,Z14,AC14,AF14) -> 0 | AK14: =AJ14/AI14 -> #DIV/0! | AM14: =AK14/AL14 -> #DIV/0!
A15: Shared Aide: Level II | B15: 008 | O15: =C15+I15 -> 0 | Q15: =E15+K15 -> 0 | S15: =G15+M15 -> 0 | AG15: =SUM(O15,X15,AA15,AD15) -> 0 | AI15: =SUM(S15,Z15,AC15,AF15) -> 0 | AK15: =AJ15/AI15 -> #DIV/0! | AM15: =AK15/AL15 -> #DIV/0!
A16: Subtotal (reimbursable services) | B16: 009 | C16: =SUM(C8:D15) -> 0 | E16: =SUM(E8:F15) -> 0 | G16: =SUM(G8:H15) -> 0 | I16: =SUM(I8:J15) -> 0 | K16: =SUM(K8:L15) -> 0 | M16: =SUM(M8:N15) -> 0 | O16: =SUM(O8:P15) -> 0 | Q16: =SUM(Q8:R15) -> 0 | S16: =SUM(S8:T15) -> 0 | U16: =SUM(U8:V15) -> 0 | V16: =SUM(V8:V15) -> 0 | W16: =SUM(W8:X15) -> 0 | X16: =SUM(X8:X15) -> 0 | Y16: =SUM(Y8:Z15) -> 0 | Z16: =SUM(Z8:Z15) -> 0 | AA16: =SUM(AA8:AA15) -> 0 | AB16: =SUM(AB8:AB15) -> 0 | AC16: =SUM(AC8:AC15) -> 0 | AD16: =SUM(AD8:AD15) -> 0 | AE16: =SUM(AE8:AE15) -> 0 | AF16: =SUM(AF8:AF15) -> 0 | AG16: =SUM(AG8:AG15) -> 0 | ... AI16: =SUM(AI8:AI15) -> 0 | AK16: =AJ16/AI16 -> #DIV/0! | AM16: =AK16/AL16 -> #DIV/0!
A17: Other Non-Reimbursable Services | B17: 010 | O17: =C17+I17 -> 0 | Q17: =E17+K17 -> 0 | S17: =G17+M17 -> 0 | AG17: =SUM(O17,X17,AA17,AD17) -> 0 | AH17: =SUM(Q17,Y17,AB17,AE17) -> 0 | AI17: =SUM(S17,Z17,AC17,AF17) -> 0 | AK17: =AJ17/AI17 -> #DIV/0! | AM17: =AK17/AL17 -> #DIV/0!
A18: Subcontractor Services | B18: 011 | O18: =C18+I18 -> 0 | Q18: =E18+K18 -> 0 | S18: =G18+M18 -> 0 | AG18: =SUM(O18,X18,AA18,AD18) -> 0 | AH18: =SUM(Q18,Y18,AB18,AE18) -> 0 | AI18: =SUM(S18,Z18,AC18,AF18) -> 0 | AK18: =AJ18/AI18 -> #DIV/0! | AM18: =AK18/AL18 -> #DIV/0!
A19: Home Health Aide | B19: 012 | O19: =C19+I19 -> 0 | Q19: =E19+K19 -> 0 | S19: =G19+M19 -> 0 | AG19: =SUM(O19,X19,AA19,AD19) -> 0 | AI19: =SUM(S19,Z19,AC19,AF19) -> 0 | AK19: =AJ19/AI19 -> #DIV/0! | AM19: =AK19/AL19 -> #DIV/0!
A20: GRAND TOTAL | B20: 013 | C20: =SUM(C16:D19) -> 0 | E20: =SUM(E16:F19) -> 0 | G20: =SUM(G16:H19) -> 0 | I20: =SUM(I16:J19) -> 0 | K20: =SUM(K16:L19) -> 0 | M20: =SUM(M16:N19) -> 0 | O20: =SUM(O16:P19) -> 0 | Q20: =SUM(Q16:R19) -> 0 | S20: =SUM(S16:T19) -> 0 | U20: =SUM(U16:V19) -> 0 | V20: =SUM(V16:V19) -> 0 | W20: =SUM(W16:W19) -> 0 | X20: =SUM(X16:X19) -> 0 | Y20: =SUM(Y16:Y19) -> 0 | Z20: =SUM(Z16:Z19) -> 0 | AA20: =SUM(AA16:AA19) -> 0 | AB20: =SUM(AB16:AB19) -> 0 | AC20: =SUM(AC16:AC19) -> 0 | ... AI20: =SUM(AI16:AI19) -> 0 | AK20: =AJ20/AI20 -> #DIV/0! | AM20: =AK20/AL20 -> #DIV/0!

Sheet Schedule 5c
A1: FI Name
A2: FI County
A3: Schedule 5c: FI Service Statistics | C3: Medicaid | U3: Dual-eligible | X3: Medicare | AA3: Private Pay | AD3: Other | AG3: Total
C4: FFS | I4: MC | O4: Total Medicaid (FFS + MC) | U4: Patients | V4: Units of Service: Visits | W4: Units of Service: Hours | X4: Patients | Y4: Units of Service: Visits | Z4: Units of Service: Hours | AA4: Patients | AB4: Units of Service: Visits | AC4: Units of Service: Hours | AD4: Patients | AE4: Units of Service: Visits | AF4: Units of Service: Hours | AG4: Total Unique Patients | AH4: Total Unique Units of Service: Visits | AI4: Total Unique Units of Service: Hours | AJ4: Total Entity Costs (from Schedule 3b, Column 001 | AK4: Total cost per unit (not reimbursement rate) | AL4: Total Cost per unit - Prior Year (not reimbursed rate) | AM4: Year- over- year (YoY) Change
C5: Patients | E5: Units of Service: Visits | G5: Units of Service: Hours | I5: Patients | K5: Units of Service: Visits | M5: Units of Service: Hours | O5: Patients | Q5: Units of Service: Visits | S5: Units of Service: Hours
C6: 001 | E6: 002 | G6: 003 | I6: 004 | K6: 005 | M6: 006 | O6: 007 | Q6: 008 | S6: 009 | U6: 010 | V6: 011 | W6: 012 | X6: 013 | Y6: 014 | Z6: 015 | AA6: 016 | AB6: 017 | AC6: 018 | AD6: 019 | AE6: 020 | AF6: 021 | AG6: 022 | AH6: 023 | AI6: 024 | AJ6: 025 | AK6: 026 | AL6: 027 | AM6: 028
A7: Direct Care | AM7: =AK7/AL7 -> #DIV/0!
A8: CDPAS: Individual - Basic | B8: 001 | O8: =C8+I8 -> 0 | Q8: =E8+K8 -> 0 | S8: =G8+M8 -> 0 | AG8: =SUM(O8,X8,AA8,AD8) -> 0 | AI8: =SUM(S8,Z8,AC8,AF8) -> 0 | AK8: =AJ8/AI8 -> #DIV/0! | AM8: =AK8/AL8 -> #DIV/0!
A9: CDPAS: Individual - Hard to Serve | B9: 002 | O9: =C9+I9 -> 0 | Q9: =E9+K9 -> 0 | S9: =G9+M9 -> 0 | AG9: =SUM(O9,X9,AA9,AD9) -> 0 | AI9: =SUM(S9,Z9,AC9,AF9) -> 0 | AK9: =AJ9/AI9 -> #DIV/0! | AM9: =AK9/AL9 -> #DIV/0!
A10: CDPAS: Individual - Live-In | B10: 003 | O10: =C10+I10 -> 0 | Q10: =E10+K10 -> 0 | S10: =G10+M10 -> 0 | AG10: =SUM(O10,X10,AA10,AD10) -> 0 | AH10: =SUM(Q10,Y10,AB10,AE10) -> 0 | AK10: =AJ10/AH10 -> #DIV/0! | AM10: =AK10/AL10 -> #DIV/0!
A11: CDPAS: Multiple - Basic | B11: 004 | O11: =C11+I11 -> 0 | Q11: =E11+K11 -> 0 | S11: =G11+M11 -> 0 | AG11: =SUM(O11,X11,AA11,AD11) -> 0 | AI11: =SUM(S11,Z11,AC11,AF11) -> 0 | AK11: =AJ11/AI11 -> #DIV/0! | AM11: =AK11/AL11 -> #DIV/0!
A12: CDPAS: Multiple - Hard to Serve | B12: 005 | O12: =C12+I12 -> 0 | Q12: =E12+K12 -> 0 | S12: =G12+M12 -> 0 | AG12: =SUM(O12,X12,AA12,AD12) -> 0 | AI12: =SUM(S12,Z12,AC12,AF12) -> 0 | AK12: =AJ12/AI12 -> #DIV/0! | AM12: =AK12/AL12 -> #DIV/0!
A13: CDPAS: Multiple - Live-In | B13: 006 | O13: =C13+I13 -> 0 | Q13: =E13+K13 -> 0 | S13: =G13+M13 -> 0 | AG13: =SUM(O13,X13,AA13,AD13) -> 0 | AH13: =SUM(Q13,Y13,AB13,AE13) -> 0 | AK13: =AJ13/AH13 -> #DIV/0! | AM13: =AK13/AL13 -> #DIV/0!
A14: Subtotal (reimbursable services) | B14: 007 | C14: =SUM(C8:D13) -> 0 | E14: =SUM(E8:F13) -> 0 | G14: =SUM(G8:H13) -> 0 | I14: =SUM(I8:J13) -> 0 | K14: =SUM(K8:L13) -> 0 | M14: =SUM(M8:N13) -> 0 | O14: =SUM(O8:P13) -> 0 | Q14: =SUM(Q8:R13) -> 0 | S14: =SUM(S8:T13) -> 0 | U14: =SUM(U8:V13) -> 0 | V14: =SUM(V8:W13) -> 0 | W14: =SUM(W8:X13) -> 0 | X14: =SUM(X8:Y13) -> 0 | Y14: =SUM(Y8:Z13) -> 0 | Z14: =SUM(Z8:AA13) -> 0 | AA14: =SUM(AA8:AB13) -> 0 | AB14: =SUM(AB8:AC13) -> 0 | ... AI14: =SUM(AI8:AJ13) -> 0 | AK14: =AJ14/AI14 -> #DIV/0! | AM14: =AK14/AL14 -> #DIV/0!
A15: Other Non-Reimbursable Services | B15: 008 | O15: =C15+I15 -> 0 | Q15: =E15+K15 -> 0 | S15: =G15+M15 -> 0 | AG15: =SUM(O15,X15,AA15,AD15) -> 0 | AH15: =SUM(Q15,Y15,AB15,AE15) -> 0 | AI15: =SUM(S15,Z15,AC15,AF15) -> 0 | AK15: =AJ15/AI15 -> #DIV/0! | AM15: =AK15/AL15 -> #DIV/0!
A16: GRAND TOTAL | B16: 009 | C16: =SUM(C14:D15) -> 0 | E16: =SUM(E14:F15) -> 0 | G16: =SUM(G14:H15) -> 0 | I16: =SUM(I14:J15) -> 0 | K16: =SUM(K14:L15) -> 0 | M16: =SUM(M14:N15) -> 0 | O16: =SUM(O14:P15) -> 0 | Q16: =SUM(Q14:R15) -> 0 | S16: =SUM(S14:T15) -> 0 | U16: =SUM(U14:V15) -> 0 | V16: =SUM(V14:W15) -> 0 | W16: =SUM(W14:X15) -> 0 | X16: =SUM(X14:Y15) -> 0 | Y16: =SUM(Y14:Z15) -> 0 | Z16: =SUM(Z14:AA15) -> 0 | AA16: =SUM(AA14:AB15) -> 0 | AB16: =SUM(AB14:AC15) -> 0 | ... AI16: =SUM(AI14:AJ15) -> 0 | AK16: =AJ16/AI16 -> #DIV/0! | AM16: =AK16/AL16 -> #DIV/0!

Sheet Schedule 6
A1: FI Name
A2: FI MMIS ID Number
A3: Schedule 6: FI Tier Statistics | C3: Medicaid
C4: FFS | I4: MC | O4: Total Medicaid (FFS + MC)
C5: Tier 1 Member Months: 1 - 159 hours | E5: Tier 2 Member Months: 160 - 479 hours | G5: Tier 3 Member Months: 480+ hours | I5: Tier 1 Member Months: 1 - 159 hours | K5: Tier 2 Member Months: 160 - 479 hours | M5: Tier 3 Member Months: 480+ hours | O5: Tier 1 Member Months: 1 - 159 hours | Q5: Tier 2 Member Months: 160 - 479 hours | S5: Tier 3 Member Months: 480+ hours
C6: 001 | E6: 002 | G6: 003 | I6: 004 | K6: 005 | M6: 006 | O6: 007 | Q6: 008 | S6: 009
A7: Direct Care
A8: CDPAS: Individual - Basic | B8: 001 | O8: =C8+I8 -> 0 | Q8: =E8+K8 -> 0 | S8: =G8+M8 -> 0
A9: CDPAS: Individual - Hard to Serve | B9: 002 | O9: =C9+I9 -> 0 | Q9: =E9+K9 -> 0 | S9: =G9+M9 -> 0
A10: CDPAS: Individual - Live-In | B10: 003 | O10: =C10+I10 -> 0 | Q10: =E10+K10 -> 0 | S10: =G10+M10 -> 0
A11: CDPAS: Multiple - Basic | B11: 004 | O11: =C11+I11 -> 0 | Q11: =E11+K11 -> 0 | S11: =G11+M11 -> 0
A12: CDPAS: Multiple - Hard to Serve | B12: 005 | O12: =C12+I12 -> 0 | Q12: =E12+K12 -> 0 | S12: =G12+M12 -> 0
A13: CDPAS: Multiple - Live-In | B13: 006 | O13: =C13+I13 -> 0 | Q13: =E13+K13 -> 0 | S13: =G13+M13 -> 0
A14: GRAND TOTAL | B14: 007 | C14: =SUM(C8:D13) -> 0 | E14: =SUM(E8:F13) -> 0 | G14: =SUM(G8:H13) -> 0 | I14: =SUM(I8:J13) -> 0 | K14: =SUM(K8:L13) -> 0 | M14: =SUM(M8:N13) -> 0 | O14: =SUM(O8:P13) -> 0 | Q14: =SUM(Q8:R13) -> 0 | S14: =SUM(S8:T13) -> 0

Sheet Schedule 7a
A1: CHHA Name
A2: CHHA Operating Certificate
A3: Schedule 7a: CHHA Current Charge to the General Public | C3: Unit of Service | D3: Current Charge to the General Public
D4: 001
A5: Direct Care
A6: Home Health Aide | B6: 001 | C6: Full hour/visit
A7: Home Health Physical Therapy | B7: 002 | C7: Visits
A8: Home Health Occupational Therapy | B8: 003 | C8: Visits
A9: Home Health Registered Nurse | B9: 004 | C9: Full hour/visit
A10: Home Health Medical Social Services | B10: 005 | C10: Visits
A11: Home Health Nutrition | B11: 006 | C11: Visits
A12: Home Health Speech Therapy | B12: 007 | C12: Visits
A13: Home Health Respiratory Therapy | B13: 008 | C13: Hours
A14: Home Health Social & Environmental Support | B14: 009 | C14: Visits
A15: Home Health Sign Language/Oral Interpreter | B15: 010 | C15: Hours
A16: Skilled Nursing - General | B16: 011 | C16: Visits
A17: Private Duty Nursing | B17: 012 | C17: Visits
... A20: HHA Shared Aide | B20: 015 | C20: 0.25 hour units
A21: Other | B21: 016

Sheet Schedule 7b
A1: LHCSA Name
A2: LHCSA County
A3: Schedule 7b: LHCSA Current Charge to the General Public | C3: Unit of Service | D3: Current Charge to the General Public
D4: 001
A5: Direct Care
A6: Level I | B6: 001 | C6: Hours
A7: Level II | B7: 002 | C7: Hours
A8: Level II - Hard To Serve | B8: 003 | C8: Hours
A9: Live-In | B9: 004 | C9: Days
A10: Nursing Supervision | B10: 005 | C10: Visits
A11: Nursing Assessment | B11: 006 | C11: Visits
A12: Shared Aide I | B12: 007 | C12: Hours
A13: Shared Aide II | B13: 008 | C13: Hours

Sheet Schedule 7c
A1: FI Name
A2: FI County
A3: Schedule 7c: FI Current Charge to the General Public | C3: Unit of Service | D3: Current Charge to the General Public
D4: 001
A5: Direct Care
A6: CDPAS: Individual - Basic | B6: 001 | C6: Hours
A7: CDPAS: Individual - Hard to Serve/Enhanced | B7: 002 | C7: Hours
A8: CDPAS: Individual - Live-In | B8: 003 | C8: Visits/days
A9: CDPAS: Multiple - Basic | B9: 004 | C9: Hours
A10: CDPAS: Multiple - Hard to Serve/Enhanced | B10: 005 | C10: Visits/days
A11: CDPAS: Multiple - Live-In | B11: 006 | C11: Visits/days

Sheet Schedule 8a
A1: CHHA Name
A2: CHHA Operating Certificate
A3: Schedule 8a: CHHA Compensation Analysis -Employees | C3: Supervisors | F3: Nurses | I3: Aides | L3: Clinical/Therapy | O3: Other | R3: Total
C4: FTE | D4: Salary | E4: Employee Benefits | F4: FTE | G4: Salary | H4: Employee Benefits | I4: FTE | J4: Salary | K4: Employee Benefits | L4: FTE | M4: Salary | N4: Employee Benefits | O4: FTE | P4: Salary | Q4: Employee Benefits | R4: FTE | S4: Salary | T4: Employee Benefits
C5: 001 | D5: 002 | E5: 003 | F5: 004 | G5: 005 | H5: 006 | I5: 007 | J5: 008 | K5: 009 | L5: 010 | M5: 011 | N5: 012 | O5: 013 | P5: 014 | Q5: 015 | R5: 016 | S5: 017 | T5: 018
A6: Direct Care
A7: Job Type:
A8: Personal Care Aide | B8: 001 | R8: =SUM(C8,F8,I8,L8,O8) -> 0 | S8: =SUM(D8,G8,J8,M8,P8) -> 0 | T8: =SUM(E8,H8,K8,N8,Q8) -> 0
A9: Nursing | B9: 002 | R9: =SUM(C9,F9,I9,L9,O9) -> 0 | S9: =SUM(D9,G9,J9,M9,P9) -> 0 | T9: =SUM(E9,H9,K9,N9,Q9) -> 0
A10: Nursing Supervision/Assessment | B10: 003 | R10: =SUM(C10,F10,I10,L10,O10) -> 0 | S10: =SUM(D10,G10,J10,M10,P10) -> 0 | T10: =SUM(E10,H10,K10,N10,Q10) -> 0
A11: Home Health Aide | B11: 004 | R11: =SUM(C11,F11,I11,L11,O11) -> 0 | S11: =SUM(D11,G11,J11,M11,P11) -> 0 | T11: =SUM(E11,H11,K11,N11,Q11) -> 0
A12: Home Health Physical Therapist | B12: 005 | R12: =SUM(C12,F12,I12,L12,O12) -> 0 | S12: =SUM(D12,G12,J12,M12,P12) -> 0 | T12: =SUM(E12,H12,K12,N12,Q12) -> 0
A13: Home Health Occupational Therapist | B13: 006 | R13: =SUM(C13,F13,I13,L13,O13) -> 0 | S13: =SUM(D13,G13,J13,M13,P13) -> 0 | T13: =SUM(E13,H13,K13,N13,Q13) -> 0
A14: Home Health Registered Nurse | B14: 007 | R14: =SUM(C14,F14,I14,L14,O14) -> 0 | S14: =SUM(D14,G14,J14,M14,P14) -> 0 | T14: =SUM(E14,H14,K14,N14,Q14) -> 0
A15: Home Health Social Worker | B15: 008 | R15: =SUM(C15,F15,I15,L15,O15) -> 0 | S15: =SUM(D15,G15,J15,M15,P15) -> 0 | T15: =SUM(E15,H15,K15,N15,Q15) -> 0
A16: Home Health Nutritionist/Dietician | B16: 009 | R16: =SUM(C16,F16,I16,L16,O16) -> 0 | S16: =SUM(D16,G16,J16,M16,P16) -> 0 | T16: =SUM(E16,H16,K16,N16,Q16) -> 0
A17: Home Health Speech Therapist | B17: 010 | R17: =SUM(C17,F17,I17,L17,O17) -> 0 | S17: =SUM(D17,G17,J17,M17,P17) -> 0 | T17: =SUM(E17,H17,K17,N17,Q17) -> 0
A18: Home Health Respiratory Therapist | B18: 011 | R18: =SUM(C18,F18,I18,L18,O18) -> 0 | S18: =SUM(D18,G18,J18,M18,P18) -> 0 | T18: =SUM(E18,H18,K18,N18,Q18) -> 0
A19: Home Health Social & Environmental Support Worker | B19: 012 | R19: =SUM(C19,F19,I19,L19,O19) -> 0 | S19: =SUM(D19,G19,J19,M19,P19) -> 0 | T19: =SUM(E19,H19,K19,N19,Q19) -> 0
... A21: Home Health Medical Social Services | B21: 014 | R21: =SUM(C21,F21,I21,L21,O21) -> 0 | S21: =SUM(D21,G21,J21,M21,P21) -> 0 | T21: =SUM(E21,H21,K21,N21,Q21) -> 0
A22: GRAND TOTAL | B22: 015 | C22: =SUM(C8:C21) -> 0 | D22: =SUM(D8:D21) -> 0 | E22: =SUM(E8:E21) -> 0 | F22: =SUM(F8:F21) -> 0 | G22: =SUM(G8:G21) -> 0 | H22: =SUM(H8:H21) -> 0 | I22: =SUM(I8:I21) -> 0 | J22: =SUM(J8:J21) -> 0 | ... T22: =SUM(T8:T21) -> 0

Sheet Schedule 8b
A1: LHCSA Name
A2: LHCSA County
A3: Schedule 8b: LHCSA Compensation Analysis - Employees | C3: Supervisors | F3: Nurses | I3: Aides | L3: Clinical/Therapy | O3: Other | R3: Total
C4: FTE | D4: Salary | E4: Employee Benefits | F4: FTE | G4: Salary | H4: Employee Benefits | I4: FTE | J4: Salary | K4: Employee Benefits | L4: FTE | M4: Salary | N4: Employee Benefits | O4: FTE | P4: Salary | Q4: Employee Benefits | R4: FTE | S4: Salary | T4: Employee Benefits
C5: 001 | D5: 002 | E5: 003 | F5: 004 | G5: 005 | H5: 006 | I5: 007 | J5: 008 | K5: 009 | L5: 010 | M5: 011 | N5: 012 | O5: 013 | P5: 014 | Q5: 015 | R5: 016 | S5: 017 | T5: 018
A6: Direct Care
A7: Job Type:
A8: Personal Care Aide | B8: 001 | R8: =SUM(C8,F8,I8,L8,O8) -> 0 | S8: =SUM(D8,G8,J8,M8,P8) -> 0 | T8: =SUM(E8,H8,K8,N8,Q8) -> 0
A9: Nursing | B9: 002 | R9: =SUM(C9,F9,I9,L9,O9) -> 0 | S9: =SUM(D9,G9,J9,M9,P9) -> 0 | T9: =SUM(E9,H9,K9,N9,Q9) -> 0
A10: Nursing Supervision/Assessment | B10: 003 | R10: =SUM(C10,F10,I10,L10,O10) -> 0 | S10: =SUM(D10,G10,J10,M10,P10) -> 0 | T10: =SUM(E10,H10,K10,N10,Q10) -> 0
A11: GRAND TOTAL | B11: 004 | C11: =SUM(C8:C10) -> 0 | D11: =SUM(D8:D10) -> 0 | E11: =SUM(E8:E10) -> 0 | F11: =SUM(F8:F10) -> 0 | G11: =SUM(G8:G10) -> 0 | H11: =SUM(H8:H10) -> 0 | I11: =SUM(I8:I10) -> 0 | J11: =SUM(J8:J10) -> 0 | ... T11: =SUM(T8:T10) -> 0

Sheet Schedule 8c
A1: FI Name
A2: FI County
A3: Schedule 8c: FI Compensation Analysis - Employees | C3: Assistant | F3: Other | I3: Total
C4: FTE | D4: Salary | E4: Employee Benefits | F4: FTE | G4: Salary | H4: Employee Benefits | I4: FTE | J4: Salary | K4: Employee Benefits
C5: 001 | D5: 002 | E5: 003 | F5: 004 | G5: 005 | H5: 006 | I5: 007 | J5: 008 | K5: 009
A6: Direct Care
A7: Job Type:
A8: Personal Assistant | B8: 001 | I8: =SUM(C8,F8) -> 0 | J8: =SUM(D8,G8) -> 0 | K8: =SUM(E8,H8) -> 0
A9: GRAND TOTAL | B9: 002 | C9: =SUM(C8) -> 0 | D9: =SUM(D8) -> 0 | E9: =SUM(E8) -> 0 | F9: =SUM(F8) -> 0 | G9: =SUM(G8) -> 0 | H9: =SUM(H8) -> 0 | I9: =SUM(I8) -> 0 | J9: =SUM(J8) -> 0 | K9: =SUM(K8) -> 0

Sheet Schedule 9a
A1: CHHA Name
A2: CHHA Operating Certificate
A3: Schedule 9a: CHHA Compensation Analysis - Contracted Staff | C3: Supervisors | E3: Nurses | G3: Aides | I3: Clinical/Therapy | K3: Other | M3: Total
C4: FTE | D4: Compensation | E4: FTE | F4: Compensation | G4: FTE | H4: Compensation | I4: FTE | J4: Compensation | K4: FTE | L4: Compensation | M4: FTE | N4: Compensation
C5: 001 | D5: 002 | E5: 003 | F5: 004 | G5: 005 | H5: 006 | I5: 007 | J5: 008 | K5: 009 | L5: 010 | M5: 011 | N5: 012
A6: Direct Care
A7: Job Type:
A8: Personal Care Aide | B8: 001 | M8: =SUM(C8,E8,G8,I8,K8) -> 0 | N8: =SUM(D8,F8,H8,J8,L8) -> 0
A9: Nursing | B9: 002 | M9: =SUM(C9,E9,G9,I9,K9) -> 0 | N9: =SUM(D9,F9,H9,J9,L9) -> 0
A10: Nursing Supervision/Assessment | B10: 003 | M10: =SUM(C10,E10,G10,I10,K10) -> 0 | N10: =SUM(D10,F10,H10,J10,L10) -> 0
A11: Home Health Aide | B11: 004 | M11: =SUM(C11,E11,G11,I11,K11) -> 0 | N11: =SUM(D11,F11,H11,J11,L11) -> 0
A12: Home Health Physical Therapist | B12: 005 | M12: =SUM(C12,E12,G12,I12,K12) -> 0 | N12: =SUM(D12,F12,H12,J12,L12) -> 0
A13: Home Health Occupational Therapist | B13: 006 | M13: =SUM(C13,E13,G13,I13,K13) -> 0 | N13: =SUM(D13,F13,H13,J13,L13) -> 0
A14: Home Health Registered Nurse | B14: 007 | M14: =SUM(C14,E14,G14,I14,K14) -> 0 | N14: =SUM(D14,F14,H14,J14,L14) -> 0
A15: Home Health Social Worker | B15: 008 | M15: =SUM(C15,E15,G15,I15,K15) -> 0 | N15: =SUM(D15,F15,H15,J15,L15) -> 0
A16: Home Health Nutritionist/Dietician | B16: 009 | M16: =SUM(C16,E16,G16,I16,K16) -> 0 | N16: =SUM(D16,F16,H16,J16,L16) -> 0
A17: Home Health Speech Therapist | B17: 010 | M17: =SUM(C17,E17,G17,I17,K17) -> 0 | N17: =SUM(D17,F17,H17,J17,L17) -> 0
A18: Home Health Respiratory Therapist | B18: 011 | M18: =SUM(C18,E18,G18,I18,K18) -> 0 | N18: =SUM(D18,F18,H18,J18,L18) -> 0
A19: Home Health Social & Environmental Support Worker | B19: 012 | M19: =SUM(C19,E19,G19,I19,K19) -> 0 | N19: =SUM(D19,F19,H19,J19,L19) -> 0
... A21: Home Health Medical Social Services | B21: 014 | M21: =SUM(C21,E21,G21,I21,K21) -> 0 | N21: =SUM(D21,F21,H21,J21,L21) -> 0
A22: GRAND TOTAL | B22: 015 | C22: =SUM(C8:C21) -> 0 | D22: =SUM(D8:D21) -> 0 | E22: =SUM(E8:E21) -> 0 | F22: =SUM(F8:F21) -> 0 | G22: =SUM(G8:G21) -> 0 | H22: =SUM(H8:H21) -> 0 | I22: =SUM(I8:I21) -> 0 | J22: =SUM(J8:J21) -> 0 | ... N22: =SUM(N8:N21) -> 0

Sheet Schedule 9b
A1: LHCSA Name
A2: LHCSA County
A3: Schedule 9b: LHCSA Compensation Analysis - Contracted Staff | C3: Supervisors | E3: Nurses | G3: Aides | I3: Clinical/Therapy | K3: Other | M3: Total
C4: FTE | D4: Compensation | E4: FTE | F4: Compensation | G4: FTE | H4: Compensation | I4: FTE | J4: Compensation | K4: FTE | L4: Compensation | M4: FTE | N4: Compensation
C5: 001 | D5: 002 | E5: 003 | F5: 004 | G5: 005 | H5: 006 | I5: 007 | J5: 008 | K5: 009 | L5: 010 | M5: 011 | N5: 012
A6: Direct Care
A7: Job Type:
A8: Personal Care Aide | B8: 001 | M8: =SUM(C8,E8,G8,I8,K8) -> 0 | N8: =SUM(D8,F8,H8,J8,L8) -> 0
A9: Nursing | B9: 002 | M9: =SUM(C9,E9,G9,I9,K9) -> 0 | N9: =SUM(D9,F9,H9,J9,L9) -> 0
A10: Nursing Supervision/Assessment | B10: 003 | M10: =SUM(C10,E10,G10,I10,K10) -> 0 | N10: =SUM(D10,F10,H10,J10,L10) -> 0
A11: GRAND TOTAL | B11: 004 | C11: =SUM(C8:C10) -> 0 | D11: =SUM(D8:D10) -> 0 | E11: =SUM(E8:E10) -> 0 | F11: =SUM(F8:F10) -> 0 | G11: =SUM(G8:G10) -> 0 | H11: =SUM(H8:H10) -> 0 | I11: =SUM(I8:I10) -> 0 | J11: =SUM(J8:J10) -> 0 | ... N11: =SUM(N8:N10) -> 0

Sheet Schedule 10a
A1: CHHA Name
A2: CHHA Operating Certificate
A3: Schedule 10a: CHHA WR&R and Staff Turnover | C3: WR&R Costs to Entity (Public Health Law 3614, Section 8) | D3: WRT&R Costs to Entity (Public Health Law 3614, Section 9) | E3: Employees as of 1/1 | F3: Employees as of 12/31 (003+006-007) | G3: Employees retained as of 12/31 who were employed on 1/1 | H3: Employees Hired Between 1/1 and 12/31 | I3: Employees Separated From Entity During the Year
C4: 001 | D4: 002 | E4: 003 | F4: 004 | G4: 005 | H4: 006 | I4: 007
A5: Direct Care
A6: Job Type:
A7: Personal Care Aide | B7: 001 | F7: =E7+H7-I7 -> 0
A8: Nursing | B8: 002 | F8: =E8+H8-I8 -> 0
A9: Nursing Supervision/Assessment | B9: 003 | F9: =E9+H9-I9 -> 0
A10: Home Health Aide | B10: 004 | F10: =E10+H10-I10 -> 0
A11: Home Health Physical Therapist | B11: 005 | F11: =E11+H11-I11 -> 0
A12: Home Health Occupational Therapist | B12: 006 | F12: =E12+H12-I12 -> 0
A13: Home Health Registered Nurse | B13: 007 | F13: =E13+H13-I13 -> 0
A14: Home Health Social Worker | B14: 008 | F14: =E14+H14-I14 -> 0
A15: Home Health Nutritionist/Dietician | B15: 009 | F15: =E15+H15-I15 -> 0
A16: Home Health Speech Therapist | B16: 010 | F16: =E16+H16-I16 -> 0
A17: Home Health Respiratory Therapist | B17: 011 | F17: =E17+H17-I17 -> 0
A18: Home Health Social & Environmental Support Worker | B18: 012 | F18: =E18+H18-I18 -> 0
... A20: Home Health Medical Social Services | B20: 014 | F20: =E20+H20-I20 -> 0
A21: GRAND TOTAL | B21: 015 | C21: =SUM(C7:C20) -> 0 | D21: =SUM(D7:D20) -> 0 | E21: =SUM(E7:E20) -> 0 | F21: =SUM(F7:F20) -> 0 | G21: =SUM(G7:G20) | H21: =SUM(H7:H20) -> 0 | I21: =SUM(I7:I20) -> 0

Sheet Schedule 10b
A1: LHCSA Name
A2: LHCSA County
A3: Schedule 10b: LHCSA WR&R and Staff Turnover | C3: WR&R Costs to Entity (Section 367-q of the Social Services Law) | D3: Employees as of 1/1 | E3: Employees as of 12/31 (002+005-006) | F3: Employees retained as of 12/31 who were employed on 1/1 | G3: Employees Hired Between 1/1 and 12/31 | H3: Employees Separated From Entity During the Year
C4: 001 | D4: 002 | E4: 003 | F4: 004 | G4: 005 | H4: 006
A5: Direct Care
A6: Job Type:
A7: Personal Care Aide | B7: 001 | E7: =SUM(D7+G7-H7) -> 0
A8: Nursing | B8: 002 | E8: =SUM(D8+G8-H8) -> 0
A9: Nursing Supervision/Assessment | B9: 003 | E9: =SUM(D9+G9-H9) -> 0
A10: GRAND TOTAL | B10: 004 | C10: =SUM(C7:C9) -> 0 | D10: =SUM(D7:D9) -> 0 | E10: =SUM(E7:E9) -> 0 | F10: =SUM(F7:F9) -> 0 | G10: =SUM(G7:G9) -> 0 | H10: =SUM(H7:H9) -> 0

Sheet Schedule 10c
A1: FI Name
A2: FI County
A3: Schedule 10c: FI WR&R and Staff Turnover | C3: WR&R Costs to Entity (Section 367-q of the Social Services Law) | D3: Employees as of 1/1 | E3: Employees as of 12/31 (002+005-006) | F3: Employees retained as of 12/31 who were employed on 1/1 | G3: Employees Hired Between 1/1 and 12/31 | H3: Employees Separated From Entity During the Year
C4: 001 | D4: 002 | E4: 003 | F4: 004 | G4: 005 | H4: 006
A5: Direct Care
A6: Job Type:
A7: Personal Assistant | B7: 001 | E7: =SUM(D7+G7-H7) -> 0
A8: GRAND TOTAL | B8: 002 | C8: =SUM(C7) -> 0 | D8: =SUM(D7) -> 0 | E8: =SUM(E7) -> 0 | F8: =SUM(F7) -> 0 | G8: =SUM(G7) -> 0 | H8: =SUM(H7) -> 0

Sheet Schedule 11a
A1: CHHA Name
A2: CHHA Operating Certificate
A3: Schedule 11a: CHHA Labor Costs | C3: Base Wages for Hours Worked | D3: Overtime Wages | E3: Travel Wages | F3: Holiday Worked Wages | G3: Personal Time-off (PTO) - Dollars | H3: Sick/Safe Leave | I3: Leave of Absence | J3: In-Service Wages | K3: Shift Differentials and Higher-pay Shifts | L3: Premium Pay | M3: Other Wages | N3: Total Wages | O3: Non-taxable Fringe - Dollars | P3: FICA Taxes | Q3: Disability/Unemployment/Workers Compensation Taxes | R3: Other Fringes
C4: 001 | D4: 002 | E4: 003 | F4: 004 | G4: 005 | H4: 006 | I4: 007 | J4: 008 | K4: 009 | L4: 010 | M4: 011 | N4: 012 | O4: 013 | P4: 014 | Q4: 015 | R4: 016
A5: Direct Care
A6: Personal Care Aide | B6: 001 | N6: =SUM(C6:M6) -> 0
A7: Nursing | B7: 002 | N7: =SUM(C7:M7) -> 0
A8: Nursing Supervision/Assessment | B8: 003 | N8: =SUM(C8:M8) -> 0
A9: Supervisor | B9: 004 | N9: =SUM(C9:M9) -> 0
A10: Home Health Aide | B10: 005 | N10: =SUM(C10:M10) -> 0
A11: Home Health Physical Therapist | B11: 006 | N11: =SUM(C11:M11) -> 0
A12: Home Health Occupational Therapist | B12: 007 | N12: =SUM(C12:M12) -> 0
A13: Home Health Registered Nurse | B13: 008 | N13: =SUM(C13:M13) -> 0
A14: Home Health Social Worker | B14: 009 | N14: =SUM(C14:M14) -> 0
A15: Home Health Nutritionist/Dietician | B15: 010 | N15: =SUM(C15:M15) -> 0
A16: Home Health Speech Therapist | B16: 011 | N16: =SUM(C16:M16) -> 0
A17: Home Health Respiratory Therapist | B17: 012 | N17: =SUM(C17:M17) -> 0
... A19: Home Health Sign Language/Oral Interpreter | B19: 014 | N19: =SUM(C19:M19) -> 0
A20: Program Administration
A21: Director | B21: 015 | N21: =SUM(C21:M21) -> 0
A22: Administrator | B22: 016 | N22: =SUM(C22:M22) -> 0
A23: Program or Site Director | B23: 017 | N23: =SUM(C23:M23) -> 0
A24: Office Worker | B24: 018 | N24: =SUM(C24:M24) -> 0
A25: Clerk | B25: 019 | N25: =SUM(C25:M25) -> 0
A26: Housekeeping and Maintenance | B26: 020 | N26: =SUM(C26:M26) -> 0
A27: Other | B27: 021 | N27: =SUM(C27:M27) -> 0
A28: GRAND TOTAL | B28: 022 | C28: =SUM(C6:C19,C21:C27) -> 0 | D28: =SUM(D6:D19,D21:D27) -> 0 | E28: =SUM(E6:E19,E21:E27) -> 0 | F28: =SUM(F6:F19,F21:F27) -> 0 | G28: =SUM(G6:G19,G21:G27) -> 0 | H28: =SUM(H6:H19,H21:H27) -> 0 | I28: =SUM(I6:I19,I21:I27) -> 0 | J28: =SUM(J6:J19,J21:J27) -> 0 | ... R28: =SUM(R6:R19,R21:R27) -> 0

Sheet Schedule 11b
A1: LHCSA Name
A2: LHCSA County
A3: Schedule 11b: LHCSA Labor Costs | C3: Base Wages for Hours Worked | D3: Overtime Wages | E3: Travel Wages | F3: Holiday Worked Wages | G3: Personal Time-off (PTO) - Dollars | H3: Sick/Safe Leave | I3: Leave of Absence | J3: In-Service Wages | K3: Shift Differentials and Higher-pay Shifts | L3: Premium Pay | M3: Other Wages | N3: Total Wages | O3: Non-taxable Fringe - Dollars | P3: FICA Taxes | Q3: Disability/Unemployment/Workers Compensation Taxes | R3: Other Fringes
C4: 001 | D4: 002 | E4: 003 | F4: 004 | G4: 005 | H4: 006 | I4: 007 | J4: 008 | K4: 009 | L4: 010 | M4: 011 | N4: 012 | O4: 013 | P4: 014 | Q4: 015 | R4: 016
A5: Direct Care
A6: Personal Care Aide | B6: 001 | N6: =SUM(C6:M6) -> 0
A7: Nursing | B7: 002 | N7: =SUM(C7:M7) -> 0
A8: Nursing Supervision/Assessment | B8: 003 | N8: =SUM(C8:M8) -> 0
A9: Supervisor | B9: 004 | N9: =SUM(C9:M9) -> 0
A10: Program Administration
A11: Director | B11: 005 | N11: =SUM(C11:M11) -> 0
A12: Administrator | B12: 006 | N12: =SUM(C12:M12) -> 0
A13: Program or Site Director | B13: 007 | N13: =SUM(C13:M13) -> 0
A14: Office Worker | B14: 008 | N14: =SUM(C14:M14) -> 0
A15: Clerk | B15: 009 | N15: =SUM(C15:M15) -> 0
A16: Housekeeping and Maintenance | B16: 010 | N16: =SUM(C16:M16) -> 0
A17: Other | B17: 011 | N17: =SUM(C17:M17) -> 0
A18: GRAND TOTAL | B18: 012 | C18: =SUM(C6:C9)+ SUM(C11:C17) -> 0 | D18: =SUM(D6:D9)+ SUM(D11:D17) -> 0 | E18: =SUM(E6:E9)+ SUM(E11:E17) -> 0 | F18: =SUM(F6:F9)+ SUM(F11:F17) -> 0 | G18: =SUM(G6:G9)+ SUM(G11:G17) -> 0 | H18: =SUM(H6:H9)+ SUM(H11:H17) -> 0 | I18: =SUM(I6:I9)+ SUM(I11:I17) -> 0 | J18: =SUM(J6:J9)+ SUM(J11:J17) -> 0 | ... R18: =SUM(R6:R9)+ SUM(R11:R17) -> 0

Sheet Schedule 11c
A1: FI Name
A2: FI County
A3: Schedule 11c: FI Labor Costs | C3: Base Wages for Hours Worked | D3: Overtime Wages | E3: Travel Wages | F3: Holiday Worked Wages | G3: Personal Time-off (PTO) - Dollars | H3: Sick/Safe Leave | I3: Leave of Absence | J3: In-Service Wages | K3: Shift Differentials and Higher-pay Shifts | L3: Premium Pay | M3: Other Wages | N3: Total Wages | O3: Non-taxable Fringe - Dollars | P3: FICA Taxes | Q3: Disability/Unemployment/Workers Compensation Taxes | R3: Other Fringes
C4: 001 | D4: 002 | E4: 003 | F4: 004 | G4: 005 | H4: 006 | I4: 007 | J4: 008 | K4: 009 | L4: 010 | M4: 011 | N4: 012 | O4: 013 | P4: 014 | Q4: 015 | R4: 016
A5: Direct Care
A6: Personal Assistant | B6: 001 | N6: =SUM(C6:M6) -> 0
A7: Program Administration
A8: Director | B8: 002 | N8: =SUM(C8:M8) -> 0
A9: Administrator | B9: 003 | N9: =SUM(C9:M9) -> 0
A10: Program or Site Director | B10: 004 | N10: =SUM(C10:M10) -> 0
A11: Office Worker | B11: 005 | N11: =SUM(C11:M11) -> 0
A12: Clerk | B12: 006 | N12: =SUM(C12:M12) -> 0
A13: Housekeeping and Maintenance | B13: 007 | N13: =SUM(C13:M13) -> 0
A14: Other | B14: 008 | N14: =SUM(C14:M14) -> 0
A15: GRAND TOTAL | B15: 009 | C15: =SUM(C6)+SUM(C8:C14) -> 0 | D15: =SUM(D6)+SUM(D8:D14) -> 0 | E15: =SUM(E6)+SUM(E8:E14) -> 0 | F15: =SUM(F6)+SUM(F8:F14) -> 0 | G15: =SUM(G6)+SUM(G8:G14) -> 0 | H15: =SUM(H6)+SUM(H8:H14) -> 0 | I15: =SUM(I6)+SUM(I8:I14) -> 0 | J15: =SUM(J6)+SUM(J8:J14) -> 0 | ... R15: =SUM(R6)+SUM(R8:R14) -> 0

Sheet Schedule 12a
A1: CHHA Name
A2: CHHA Operating Certificate
A3: Schedule 12a: CHHA Labor Utilization | C3: FTE | D3: Base Hours Worked | E3: Overtime Hours Worked | F3: Travel Time - Hours | G3: Holiday Hours | H3: Personal Time-off (PTO) Hours | I3: Sick/Safe Leave Hours | J3: Leave of Absence Hours | K3: In-Service Hours | L3: Shift Differentials and Higher-pay Shifts Hours | M3: Other Hours | N3: Total Hours Worked
C4: 001 | D4: 002 | E4: 003 | F4: 004 | G4: 005 | H4: 006 | I4: 007 | J4: 008 | K4: 009 | L4: 010 | M4: 011 | N4: 012
A5: Direct Care
A6: Personal Care Aide | B6: 001 | N6: =SUM(D6:M6) -> 0
A7: Nursing | B7: 002 | N7: =SUM(D7:M7) -> 0
A8: Nursing Supervision/Assessment | B8: 003 | N8: =SUM(D8:M8) -> 0
A9: Supervisor | B9: 004 | N9: =SUM(D9:M9) -> 0
A10: Home Health Aide | B10: 005 | N10: =SUM(D10:M10) -> 0
A11: Home Health Physical Therapist | B11: 006 | N11: =SUM(D11:M11) -> 0
A12: Home Health Occupational Therapist | B12: 007 | N12: =SUM(D12:M12) -> 0
A13: Home Health Registered Nurse | B13: 008 | N13: =SUM(D13:M13) -> 0
A14: Home Health Social Worker | B14: 009 | N14: =SUM(D14:M14) -> 0
A15: Home Health Nutritionist/Dietician | B15: 010 | N15: =SUM(D15:M15) -> 0
A16: Home Health Speech Therapist | B16: 011 | N16: =SUM(D16:M16) -> 0
A17: Home Health Respiratory Therapist | B17: 012 | N17: =SUM(D17:M17) -> 0
... A19: Home Health Sign Language/Oral Interpreter | B19: 014 | N19: =SUM(D19:M19) -> 0
A20: Program Administration
A21: Director | B21: 015 | N21: =SUM(D21:M21) -> 0
A22: Administrator | B22: 016 | N22: =SUM(D22:M22) -> 0
A23: Program or Site Director | B23: 017 | N23: =SUM(D23:M23) -> 0
A24: Office Worker | B24: 018 | N24: =SUM(D24:M24) -> 0
A25: Clerk | B25: 019 | N25: =SUM(D25:M25) -> 0
A26: Housekeeping and Maintenance | B26: 020 | N26: =SUM(D26:M26) -> 0
A27: Other | B27: 021 | N27: =SUM(D27:M27) -> 0
A28: GRAND TOTAL | B28: 022 | C28: =SUM(C6:C19)+SUM(C21:C27) -> 0 | D28: =SUM(D6:D19)+SUM(D21:D27) -> 0 | E28: =SUM(E6:E19)+SUM(E21:E27) -> 0 | F28: =SUM(F6:F19)+SUM(F21:F27) -> 0 | G28: =SUM(G6:G19)+SUM(G21:G27) -> 0 | H28: =SUM(H6:H19)+SUM(H21:H27) -> 0 | I28: =SUM(I6:I19)+SUM(I21:I27) -> 0 | J28: =SUM(J6:J19)+SUM(J21:J27) -> 0 | ... N28: =SUM(N6:N19)+SUM(N21:N27) -> 0

Sheet Schedule 12b
A1: LHCSA Name
A2: LHCSA County
A3: Schedule 12b: LHCSA Labor Utilization | C3: FTE | D3: Base Hours Worked | E3: Overtime Hours Worked | F3: Travel Time - Hours | G3: Holiday Hours | H3: Personal Time-off (PTO) Hours | I3: Sick/Safe Leave Hours | J3: Leave of Absence Hours | K3: In-Service Hours | L3: Shift Differentials and Higher-pay Shifts Hours | M3: Other Hours | N3: Total Hours Worked
C4: 001 | D4: 002 | E4: 003 | F4: 004 | G4: 005 | H4: 006 | I4: 007 | J4: 008 | K4: 009 | L4: 010 | M4: 011 | N4: 012
A5: Direct Care
A6: Personal Care Aide | B6: 001 | N6: =SUM(D6:M6) -> 0
A7: Nursing | B7: 002 | N7: =SUM(D7:M7) -> 0
A8: Nursing Supervision/Assessment | B8: 003 | N8: =SUM(D8:M8) -> 0
A9: Supervisor | B9: 004 | N9: =SUM(D9:M9) -> 0
A10: Program Administration
A11: Director | B11: 005 | N11: =SUM(D11:M11) -> 0
A12: Administrator | B12: 006 | N12: =SUM(D12:M12) -> 0
A13: Program or Site Director | B13: 007 | N13: =SUM(D13:M13) -> 0
A14: Office Worker | B14: 008 | N14: =SUM(D14:M14) -> 0
A15: Clerk | B15: 009 | N15: =SUM(D15:M15) -> 0
A16: Housekeeping and Maintenance | B16: 010 | N16: =SUM(D16:M16) -> 0
A17: Other | B17: 011 | N17: =SUM(D17:M17) -> 0
A18: GRAND TOTAL | B18: 012 | C18: =SUM(C6:C9)+SUM(C11:C17) -> 0 | D18: =SUM(D6:D9)+SUM(D11:D17) -> 0 | E18: =SUM(E6:E9)+SUM(E11:E17) -> 0 | F18: =SUM(F6:F9)+SUM(F11:F17) -> 0 | G18: =SUM(G6:G9)+SUM(G11:G17) -> 0 | H18: =SUM(H6:H9)+SUM(H11:H17) -> 0 | I18: =SUM(I6:I9)+SUM(I11:I17) -> 0 | J18: =SUM(J6:J9)+SUM(J11:J17) -> 0 | ... N18: =SUM(N6:N9)+SUM(N11:N17) -> 0

Sheet Schedule 12c
A1: FI Name
A2: FI County
A3: Schedule 12c: FI Labor Utilization | C3: FTE | D3: Base Hours Worked | E3: Overtime Hours Worked | F3: Travel Time - Hours | G3: Holiday Hours | H3: Personal Time-off (PTO) Hours | I3: Sick/Safe Leave Hours | J3: Leave of Absence Hours | K3: In-Service Hours | L3: Shift Differentials and Higher-pay Shifts Hours | M3: Other Hours | N3: Total Hours Worked
C4: 001 | D4: 002 | E4: 003 | F4: 004 | G4: 005 | H4: 006 | I4: 007 | J4: 008 | K4: 009 | L4: 010 | M4: 011 | N4: 012
A5: Direct Care
A6: Personal Assistant | B6: 001 | N6: =SUM(D6:M6) -> 0
A7: Program Administration
A8: Director | B8: 002 | N8: =SUM(D8:M8) -> 0
A9: Administrator | B9: 003 | N9: =SUM(D9:M9) -> 0
A10: Program or Site Director | B10: 004 | N10: =SUM(D10:M10) -> 0
A11: Office Worker | B11: 005 | N11: =SUM(D11:M11) -> 0
A12: Clerk | B12: 006 | N12: =SUM(D12:M12) -> 0
A13: Housekeeping and Maintenance | B13: 007 | N13: =SUM(D13:M13) -> 0
A14: Other | B14: 008 | N14: =SUM(D14:M14) -> 0
A15: GRAND TOTAL | B15: 009 | C15: =SUM(C6)+SUM(C8:C14) -> 0 | D15: =SUM(D6)+SUM(D8:D14) -> 0 | E15: =SUM(E6)+SUM(E8:E14) -> 0 | F15: =SUM(F6)+SUM(F8:F14) -> 0 | G15: =SUM(G6)+SUM(G8:G14) -> 0 | H15: =SUM(H6)+SUM(H8:H14) -> 0 | I15: =SUM(I6)+SUM(I8:I14) -> 0 | J15: =SUM(J6)+SUM(J8:J14) -> 0 | ... N15: =SUM(N6)+SUM(N8:N14) -> 0

Sheet Schedule 13a
A1: CHHA Name
A2: CHHA Operating Certificate
A3: Schedule 13a: CHHA Average Compensation | C3: Average Base Hourly Wage | D3: Average Total Hourly Compensation | E3: Average Fringe
C4: 001 | D4: 002 | E4: 003
A5: Direct Care
A6: Personal Care Aide | B6: 001 | C6: ='Schedule 11a'!C6/'Schedule 12a'!D6 -> #DIV/0! | D6: ='Schedule 11a'!N6/'Schedule 12a'!N6 -> #DIV/0! | E6: =SUM(('Schedule 11a'!O6:R6))/'Schedule 12a'!C6 -> #DIV/0!
A7: Nursing | B7: 002 | C7: ='Schedule 11a'!C7/'Schedule 12a'!D7 -> #DIV/0! | D7: ='Schedule 11a'!N7/'Schedule 12a'!N7 -> #DIV/0! | E7: =SUM(('Schedule 11a'!O7:R7))/'Schedule 12a'!C7 -> #DIV/0!
A8: Nursing Supervision/Assessment | B8: 003 | C8: ='Schedule 11a'!C8/'Schedule 12a'!D8 -> #DIV/0! | D8: ='Schedule 11a'!N8/'Schedule 12a'!N8 -> #DIV/0! | E8: =SUM(('Schedule 11a'!O8:R8))/'Schedule 12a'!C8 -> #DIV/0!
A9: Supervisor | B9: 004 | C9: ='Schedule 11a'!C9/'Schedule 12a'!D9 -> #DIV/0! | D9: ='Schedule 11a'!N9/'Schedule 12a'!N9 -> #DIV/0! | E9: =SUM(('Schedule 11a'!O9:R9))/'Schedule 12a'!C9 -> #DIV/0!
A10: Home Health Aide | B10: 005 | C10: ='Schedule 11a'!C10/'Schedule 12a'!D10 -> #DIV/0! | D10: ='Schedule 11a'!N10/'Schedule 12a'!N10 -> #DIV/0! | E10: =SUM(('Schedule 11a'!O10:R10))/'Schedule 12a'!C10 -> #DIV/0!
A11: Home Health Physical Therapist | B11: 006 | C11: ='Schedule 11a'!C11/'Schedule 12a'!D11 -> #DIV/0! | D11: ='Schedule 11a'!N11/'Schedule 12a'!N11 -> #DIV/0! | E11: =SUM(('Schedule 11a'!O11:R11))/'Schedule 12a'!C11 -> #DIV/0!
A12: Home Health Occupational Therapist | B12: 007 | C12: ='Schedule 11a'!C12/'Schedule 12a'!D12 -> #DIV/0! | D12: ='Schedule 11a'!N12/'Schedule 12a'!N12 -> #DIV/0! | E12: =SUM(('Schedule 11a'!O12:R12))/'Schedule 12a'!C12 -> #DIV/0!
A13: Home Health Registered Nurse | B13: 008 | C13: ='Schedule 11a'!C13/'Schedule 12a'!D13 -> #DIV/0! | D13: ='Schedule 11a'!N13/'Schedule 12a'!N13 -> #DIV/0! | E13: =SUM(('Schedule 11a'!O13:R13))/'Schedule 12a'!C13 -> #DIV/0!
A14: Home Health Social Worker | B14: 009 | C14: ='Schedule 11a'!C14/'Schedule 12a'!D14 -> #DIV/0! | D14: ='Schedule 11a'!N14/'Schedule 12a'!N14 -> #DIV/0! | E14: =SUM(('Schedule 11a'!O14:R14))/'Schedule 12a'!C14 -> #DIV/0!
A15: Home Health Nutritionist/Dietician | B15: 010 | C15: ='Schedule 11a'!C15/'Schedule 12a'!D15 -> #DIV/0! | D15: ='Schedule 11a'!N15/'Schedule 12a'!N15 -> #DIV/0! | E15: =SUM(('Schedule 11a'!O15:R15))/'Schedule 12a'!C15 -> #DIV/0!
A16: Home Health Speech Therapist | B16: 011 | C16: ='Schedule 11a'!C16/'Schedule 12a'!D16 -> #DIV/0! | D16: ='Schedule 11a'!N16/'Schedule 12a'!N16 -> #DIV/0! | E16: =SUM(('Schedule 11a'!O16:R16))/'Schedule 12a'!C16 -> #DIV/0!
A17: Home Health Respiratory Therapist | B17: 012 | C17: ='Schedule 11a'!C17/'Schedule 12a'!D17 -> #DIV/0! | D17: ='Schedule 11a'!N17/'Schedule 12a'!N17 -> #DIV/0! | E17: =SUM(('Schedule 11a'!O17:R17))/'Schedule 12a'!C17 -> #DIV/0!
... A19: Home Health Sign Language/Oral Interpreter | B19: 014 | C19: ='Schedule 11a'!C19/'Schedule 12a'!D19 -> #DIV/0! | D19: ='Schedule 11a'!N19/'Schedule 12a'!N19 -> #DIV/0! | E19: =SUM(('Schedule 11a'!O19:R19))/'Schedule 12a'!C19 -> #DIV/0!
A20: Program Administration
A21: Director | B21: 015 | C21: ='Schedule 11a'!C21/'Schedule 12a'!D21 -> #DIV/0! | D21: ='Schedule 11a'!N21/'Schedule 12a'!N21 -> #DIV/0! | E21: =SUM(('Schedule 11a'!O21:R21))/'Schedule 12a'!C21 -> #DIV/0!
A22: Administrator | B22: 016 | C22: ='Schedule 11a'!C22/'Schedule 12a'!D22 -> #DIV/0! | D22: ='Schedule 11a'!N22/'Schedule 12a'!N22 -> #DIV/0! | E22: =SUM(('Schedule 11a'!O22:R22))/'Schedule 12a'!C22 -> #DIV/0!
A23: Program or Site Director | B23: 017 | C23: ='Schedule 11a'!C23/'Schedule 12a'!D23 -> #DIV/0! | D23: ='Schedule 11a'!N23/'Schedule 12a'!N23 -> #DIV/0! | E23: =SUM(('Schedule 11a'!O23:R23))/'Schedule 12a'!C23 -> #DIV/0!
A24: Office Worker | B24: 018 | C24: ='Schedule 11a'!C24/'Schedule 12a'!D24 -> #DIV/0! | D24: ='Schedule 11a'!N24/'Schedule 12a'!N24 -> #DIV/0! | E24: =SUM(('Schedule 11a'!O24:R24))/'Schedule 12a'!C24 -> #DIV/0!
A25: Clerk | B25: 019 | C25: ='Schedule 11a'!C25/'Schedule 12a'!D25 -> #DIV/0! | D25: ='Schedule 11a'!N25/'Schedule 12a'!N25 -> #DIV/0! | E25: =SUM(('Schedule 11a'!O25:R25))/'Schedule 12a'!C25 -> #DIV/0!
A26: Housekeeping and Maintenance | B26: 020 | C26: ='Schedule 11a'!C26/'Schedule 12a'!D26 -> #DIV/0! | D26: ='Schedule 11a'!N26/'Schedule 12a'!N26 -> #DIV/0! | E26: =SUM(('Schedule 11a'!O26:R26))/'Schedule 12a'!C26 -> #DIV/0!
A27: Other | B27: 021 | C27: ='Schedule 11a'!C27/'Schedule 12a'!D27 -> #DIV/0! | D27: ='Schedule 11a'!N27/'Schedule 12a'!N27 -> #DIV/0! | E27: =SUM(('Schedule 11a'!O27:R27))/'Schedule 12a'!C27 -> #DIV/0!

Sheet Schedule 13b
A1: LHCSA Name
A2: LHCSA County
A3: Schedule 13b: LHCSA Average Compensation | C3: Average Base Hourly Wage | D3: Average Total Hourly Compensation | E3: Average Fringe
C4: 001 | D4: 002 | E4: 003
A5: Direct Care
A6: Personal Care Aide | B6: 001 | C6: ='Schedule 11b'!C6/'Schedule 12b'!D6 -> #DIV/0! | D6: ='Schedule 11b'!N6/'Schedule 12b'!N6 -> #DIV/0! | E6: =SUM(('Schedule 11b'!O6:R6))/'Schedule 12b'!C6 -> #DIV/0!
A7: Nursing | B7: 002 | C7: ='Schedule 11b'!C7/'Schedule 12b'!D7 -> #DIV/0! | D7: ='Schedule 11b'!N7/'Schedule 12b'!N7 -> #DIV/0! | E7: =SUM(('Schedule 11b'!O7:R7))/'Schedule 12b'!C7 -> #DIV/0!
A8: Nursing Supervision/Assessment | B8: 003 | C8: ='Schedule 11b'!C8/'Schedule 12b'!D8 -> #DIV/0! | D8: ='Schedule 11b'!N8/'Schedule 12b'!N8 -> #DIV/0! | E8: =SUM(('Schedule 11b'!O8:R8))/'Schedule 12b'!C8 -> #DIV/0!
A9: Supervisor | B9: 004 | C9: ='Schedule 11b'!C9/'Schedule 12b'!D9 -> #DIV/0! | D9: ='Schedule 11b'!N9/'Schedule 12b'!N9 -> #DIV/0! | E9: =SUM(('Schedule 11b'!O9:R9))/'Schedule 12b'!C9 -> #DIV/0!
A10: Program Administration
A11: Director | B11: 005 | C11: ='Schedule 11b'!C11/'Schedule 12b'!D11 -> #DIV/0! | D11: ='Schedule 11b'!N11/'Schedule 12b'!N11 -> #DIV/0! | E11: =SUM(('Schedule 11b'!O11:R11))/'Schedule 12b'!C11 -> #DIV/0!
A12: Administrator | B12: 006 | C12: ='Schedule 11b'!C12/'Schedule 12b'!D12 -> #DIV/0! | D12: ='Schedule 11b'!N12/'Schedule 12b'!N12 -> #DIV/0! | E12: =SUM(('Schedule 11b'!O12:R12))/'Schedule 12b'!C12 -> #DIV/0!
A13: Program or Site Director | B13: 007 | C13: ='Schedule 11b'!C13/'Schedule 12b'!D13 -> #DIV/0! | D13: ='Schedule 11b'!N13/'Schedule 12b'!N13 -> #DIV/0! | E13: =SUM(('Schedule 11b'!O13:R13))/'Schedule 12b'!C13 -> #DIV/0!
A14: Office Worker | B14: 008 | C14: ='Schedule 11b'!C14/'Schedule 12b'!D14 -> #DIV/0! | D14: ='Schedule 11b'!N14/'Schedule 12b'!N14 -> #DIV/0! | E14: =SUM(('Schedule 11b'!O14:R14))/'Schedule 12b'!C14 -> #DIV/0!
A15: Clerk | B15: 009 | C15: ='Schedule 11b'!C15/'Schedule 12b'!D15 -> #DIV/0! | D15: ='Schedule 11b'!N15/'Schedule 12b'!N15 -> #DIV/0! | E15: =SUM(('Schedule 11b'!O15:R15))/'Schedule 12b'!C15 -> #DIV/0!
A16: Housekeeping and Maintenance | B16: 010 | C16: ='Schedule 11b'!C16/'Schedule 12b'!D16 -> #DIV/0! | D16: ='Schedule 11b'!N16/'Schedule 12b'!N16 -> #DIV/0! | E16: =SUM(('Schedule 11b'!O16:R16))/'Schedule 12b'!C16 -> #DIV/0!
A17: Other | B17: 011 | C17: ='Schedule 11b'!C17/'Schedule 12b'!D17 -> #DIV/0! | D17: ='Schedule 11b'!N17/'Schedule 12b'!N17 -> #DIV/0! | E17: =SUM(('Schedule 11b'!O17:R17))/'Schedule 12b'!C17 -> #DIV/0!

Sheet Schedule 13c
A1: FI Name
A2: FI County
A3: Schedule 13c: FI Average Compensation | C3: Average Base Hourly Wage | D3: Average Total Hourly Compensation | E3: Average Fringe
C4: 001 | D4: 002 | E4: 003
A5: Direct Care
A6: Personal Assistant | B6: 001 | C6: ='Schedule 11c'!C6/'Schedule 12c'!D6 -> #DIV/0! | D6: ='Schedule 11c'!N6/'Schedule 12c'!N6 -> #DIV/0! | E6: =SUM(('Schedule 11c'!O6:R6))/'Schedule 12c'!C6 -> #DIV/0!
A7: Program Administration
A8: Director | B8: 002 | C8: ='Schedule 11c'!C8/'Schedule 12c'!D8 -> #DIV/0! | D8: ='Schedule 11c'!N8/'Schedule 12c'!N8 -> #DIV/0! | E8: =SUM(('Schedule 11c'!O8:R8))/'Schedule 12c'!C8 -> #DIV/0!
A9: Administrator | B9: 003 | C9: ='Schedule 11c'!C9/'Schedule 12c'!D9 -> #DIV/0! | D9: ='Schedule 11c'!N9/'Schedule 12c'!N9 -> #DIV/0! | E9: =SUM(('Schedule 11c'!O9:R9))/'Schedule 12c'!C9 -> #DIV/0!
A10: Program or Site Director | B10: 004 | C10: ='Schedule 11c'!C10/'Schedule 12c'!D10 -> #DIV/0! | D10: ='Schedule 11c'!N10/'Schedule 12c'!N10 -> #DIV/0! | E10: =SUM(('Schedule 11c'!O10:R10))/'Schedule 12c'!C10 -> #DIV/0!
A11: Office Worker | B11: 005 | C11: ='Schedule 11c'!C11/'Schedule 12c'!D11 -> #DIV/0! | D11: ='Schedule 11c'!N11/'Schedule 12c'!N11 -> #DIV/0! | E11: =SUM(('Schedule 11c'!O11:R11))/'Schedule 12c'!C11 -> #DIV/0!
A12: Clerk | B12: 006 | C12: ='Schedule 11c'!C12/'Schedule 12c'!D12 -> #DIV/0! | D12: ='Schedule 11c'!N12/'Schedule 12c'!N12 -> #DIV/0! | E12: =SUM(('Schedule 11c'!O12:R12))/'Schedule 12c'!C12 -> #DIV/0!
A13: Housekeeping and Maintenance | B13: 007 | C13: ='Schedule 11c'!C13/'Schedule 12c'!D13 -> #DIV/0! | D13: ='Schedule 11c'!N13/'Schedule 12c'!N13 -> #DIV/0! | E13: =SUM(('Schedule 11c'!O13:R13))/'Schedule 12c'!C13 -> #DIV/0!
A14: Other | B14: 008 | C14: ='Schedule 11c'!C14/'Schedule 12c'!D14 -> #DIV/0! | D14: ='Schedule 11c'!N14/'Schedule 12c'!N14 -> #DIV/0! | E14: =SUM(('Schedule 11c'!O14:R14))/'Schedule 12c'!C14 -> #DIV/0!

Sheet Schedule 14b
A1: LHCSA Name
A2: LHCSA County
A3: Schedule 14b: LHCSA Live-In | C3: Individuals | D3: Days | H3: Hours | M3: Total Wages
C4: Number of Unique Individuals Served | D4: Total Days of Service (Column 003 + 004 + 005) | E4: Days of Service at 13 Hours Per Diem Only | F4: Days of Service with Over 13 Hours But Less Than 16 Hours | G4: Days of Service With 16 or More Hours | H4: Total Hours Worked | I4: Hours for Days of Service at 13 Hours Per Diem Only | J4: Hours for Days of Service With Over 13 Hours But Less Than 16 Hours | K4: Hours for Days of Service With 16 or More Hours | L4: Average Hours Per Day Per Case
C5: 001 | D5: 002 | E5: 003 | F5: 004 | G5: 005 | H5: 006 | I5: 007 | J5: 008 | K5: 009 | L5: 010 | M5: 011
A6: Direct Care
A7: Live-In | B7: 001 | D7: =SUM(E7:G7) -> 0 | L7: =((E7*13)+(F7*14.5)+(G7*16))/C7 -> #DIV/0!
A8: Continuous Care (Split Shift) | B8: 002 | H8: =SUM(I8:K8) -> 0 | L8: =((I8/13)+(J8/14.5)+(K8/16))/C8 -> #DIV/0!
A9: GRAND TOTAL | B9: 003 | C9: =SUM(C7:C8) -> 0 | D9: =SUM(D7:D8) -> 0 | E9: =SUM(E7:E8) -> 0 | F9: =SUM(F7:F8) -> 0 | G9: =SUM(G7:G8) -> 0 | H9: =SUM(H7:H8) -> 0 | I9: =SUM(I7:I8) -> 0 | J9: =SUM(J7:J8) -> 0 | ... M9: =SUM(M7:M8) -> 0

Sheet Schedule 14c
A1: FI Name
A2: FI County
A3: Schedule 14c: FI Live-In | C3: Individuals | D3: Days | H3: Hours | M3: Total Wages
C4: Number of Unique Individuals Served | D4: Total Days of Service (Column 003 + 004 + 005) | E4: Days of Service at 13 Hours Per Diem Only | F4: Days of Service with Over 13 Hours But Less Than 16 Hours | G4: Days of Service With 16 or More Hours | H4: Total Hours Worked | I4: Hours for Days of Service at 13 Hours Per Diem Only | J4: Hours for Days of Service With Over 13 Hours But Less Than 16 Hours | K4: Hours for Days of Service With 16 or More Hours | L4: Average Hours Per Day Per Case
C5: 001 | D5: 002 | E5: 003 | F5: 004 | G5: 005 | H5: 006 | I5: 007 | J5: 008 | K5: 009 | L5: 010 | M5: 011
A6: Direct Care
A7: Live-In | B7: 001 | D7: =SUM(E7:G7) -> 0 | L7: =((E7*13)+(F7*14.5)+(G7*16))/C7 -> #DIV/0!
A8: Continuous Care (Split Shift) | B8: 002 | H8: =SUM(I8:K8) -> 0 | L8: =((I8/13)+(J8/14.5)+(K8/16))/C8 -> #DIV/0!
A9: GRAND TOTAL | B9: 003 | C9: =SUM(C7:C8) -> 0 | D9: =SUM(D7:D8) -> 0 | E9: =SUM(E7:E8) -> 0 | F9: =SUM(F7:F8) -> 0 | G9: =SUM(G7:G8) -> 0 | H9: =SUM(H7:H8) -> 0 | I9: =SUM(I7:I8) -> 0 | J9: =SUM(J7:J8) -> 0 | ... M9: =SUM(M7:M8) -> 0

Sheet Schedule 15
A1: Schedule 15: Salaried Labor Costs | C1: Title (if Other) | D1: FTE | E1: Salary | F1: Fringe Benefits | G1: Bonuses | H1: Other Compensation
D2: 001 | E2: 002 | F2: 003 | G2: 004 | H2: 005
A3: Direct Care
A4: Supervisor | B4: 001
A5: Other | B5: 002
A6: Other | B6: 003
A7: Other | B7: 004
A8: Other | B8: 005
A9: Other | B9: 006
A10: Other | B10: 007
A11: Other | B11: 008
A12: Other | B12: 009
A13: Other | B13: 010
A14: Other | B14: 011
A15: Program Administration
A16: Chief Executive Officer | B16: 012
A17: Chief Financal Officer | B17: 013
A18: Chief Operating Officer | B18: 014
A19: Director | B19: 015
A20: Administrator | B20: 016
A21: Other | B21: 017
A22: Other | B22: 018
A23: Other | B23: 019
A24: Other | B24: 020
A25: Other | B25: 021
A26: Other | B26: 022
A27: Other | B27: 023
... A30: Other | B30: 026
A31: GRAND TOTAL | B31: 027 | C31: =SUM(C4:C14)+SUM(C16:C30) -> 0 | D31: =SUM(D4:D14)+SUM(D16:D30) -> 0 | E31: =SUM(E4:E14)+SUM(E16:E30) -> 0 | F31: =SUM(F4:F14)+SUM(F16:F30) -> 0 | G31: =SUM(G4:G14)+SUM(G16:G30) -> 0 | H31: =SUM(H4:H14)+SUM(H16:H30) -> 0

Sheet Schedule 16
A1: Schedule 16: Top 10 Highest Paid Administrative Officials
D2: 001
A3: 1 | B3: Officer - Name | C3: 001
B4: Position | C4: 002
B5: Salary Compensation | C5: 003
B6: Fringe Benefits | C6: 004
B7: Bonuses | C7: 005
B8: Other Compensation | C8: 006
A9: 2 | B9: Officer - Name | C9: 007
B10: Position | C10: 008
B11: Salary Compensation | C11: 009
B12: Fringe Benefits | C12: 010
B13: Bonuses | C13: 011
B14: Other Compensation | C14: 012
A15: 3 | B15: Officer - Name | C15: 013
B16: Position | C16: 014
B17: Salary Compensation | C17: 015
B18: Fringe Benefits | C18: 016
B19: Bonuses | C19: 017
B20: Other Compensation | C20: 018
A21: 4 | B21: Officer - Name | C21: 019
B22: Position | C22: 020
B23: Salary Compensation | C23: 021
B24: Fringe Benefits | C24: 022
B25: Bonuses | C25: 023
B26: Other Compensation | C26: 024
A27: 5 | B27: Officer - Name | C27: 025
B28: Position | C28: 026
B29: Salary Compensation | C29: 027
B30: Fringe Benefits | C30: 028
B31: Bonuses | C31: 029
B32: Other Compensation | C32: 030
A33: 6 | B33: Officer - Name | C33: 031
B34: Position | C34: 032
B35: Salary Compensation | C35: 033
B36: Fringe Benefits | C36: 034
B37: Bonuses | C37: 035
B38: Other Compensation | C38: 036
A39: 7 | B39: Officer - Name | C39: 037
B40: Position | C40: 038
B41: Salary Compensation | C41: 039
B42: Fringe Benefits | C42: 040
B43: Bonuses | C43: 041
B44: Other Compensation | C44: 042
A45: 8 | B45: Officer - Name | C45: 043
B46: Position | C46: 044
B47: Salary Compensation | C47: 045
B48: Fringe Benefits | C48: 046
B49: Bonuses | C49: 047
B50: Other Compensation | C50: 048
A51: 9 | B51: Officer - Name | C51: 049
B52: Position | C52: 050
B53: Salary Compensation | C53: 051
B54: Fringe Benefits | C54: 052
B55: Bonuses | C55: 053
B56: Other Compensation | C56: 054
A57: 10 | B57: Officer - Name | C57: 055
B58: Position | C58: 056
B59: Salary Compensation | C59: 057
B60: Fringe Benefits | C60: 058
B61: Bonuses | C61: 059
B62: Other Compensation | C62: 060

Sheet Schedule 17
A1: Schedule 17: Balance Sheet - Assets
C2: 001
A3: Assets
A4: Current Assets
A5: Cash & Cash Equivalents | B5: 001
A6: Temporary Investments (market value) | B6: 002
A7: Patient Accounts Receivables | B7: 003
A8: Less: Allowances and adjustments for uncollectibles | B8: 004
A9: Other Accounts Receivables | B9: 005
A10: Less: Allowances and adjustments for other uncollectibles | B10: 006
A11: Inventory | B11: 007
A12: Due from Other funds | B12: 008
A13: Prepaid Expenses and other Current Assets | B13: 009
A14: Other Current Assets | B14: 010
A15: TOTAL CURRENT ASSETS | B15: 011 | C15: =(C5+C6+C7-C8)+(C9-C10)+C11+C12+C13+C14 -> 0
A17: Fixed Assets
A18: Patient Funds Held in Trust (proprietary facilities only) | B18: 012
A19: Land | B19: 013
A20: Land Improvement | B20: 014
A21: Accumulated Depreciation | B21: 015
A22: Buildings and Fixed Equipment | B22: 016
A23: Accumulated Depreciation | B23: 017
A24: Automobiles and Trucks | B24: 018
A25: Accumulated Depreciation | B25: 019
A26: Major Moveable Equipment | B26: 020
A27: Accumulated Depreciation | B27: 021
A28: Leasehold Improvements | B28: 022
A29: Accumulated Amortization | B29: 023
A30: Minor Equipment (Non-Depreciable) | B30: 024
A31: TOTAL FIXED ASSETS | B31: 025 | C31: =(C18+C19+C20-C21)+(C22-C23)+(C24-C25)+(C26-C27)+(C28-C29)+C30 -> 0
A33: Other Assets
A34: Investments | B34: 026
A35: Mortgage Expense | B35: 027
A36: Less: Accumulated Amortization | B36: 028
A37: Organizational Expense | B37: 029
A38: Less: Accumulated Amortization | B38: 030
A39: Other assets | B39: 031
A40: TOTAL OTHER ASSETS | B40: 032 | C40: =(C34+C35-C36)+(C37-C38)+C39 -> 0
A42: TOTAL ASSETS | B42: 033 | C42: =SUM(C15,C31,C40) -> 0

Sheet Schedule 18
A1: Schedule 18: Balance Sheet - Liabilities
C2: 001
A3: Liabilities
A4: Current Liabilities
A5: Notes and Loans Payable | B5: 001
A6: Accounts Payable | B6: 002
A7: Accrued Compensation and Related Liabilities | B7: 003
A8: Accrued Expenses Payable | B8: 004
A9: Deferred Revenue | B9: 005
A10: Due to Other Funds | B10: 006
A11: Other Current Liabilities | B11: 007
A12: TOTAL CURRENT LIABILITIES | B12: 008 | C12: =SUM(C5:C11) -> 0
A14: Long-Term Liabilities
A15: Mortgage Payable | B15: 009
A16: Notes and Loans Payable | B16: 010
A17: Due to Other Funds | B17: 011
A18: Due to Related Parties | B18: 012
A19: Other Non-Current Liabilities | B19: 013
A20: TOTAL LONG-TERM LIABILITIES | B20: 014 | C20: =SUM(C15:C19) -> 0
A21: TOTAL LIABILITIES (current and long-term) | B21: 015 | C21: =SUM(C12,C20) -> 0
A23: Fund Balance
A24: General Fund Balance | B24: 016
A25: Special Purpose Fund Balance | B25: 017
A26: Endowment Fund Balance | B26: 018
A27: Other Fund Balances | B27: 019
A28: TOTAL FUND BALANCES | B28: 020 | C28: =SUM(C24:C27) -> 0
A30: Other Equity:
A31: Owner's Capital | B31: 021
A32: Retained Earnings | B32: 022
A33: TOTAL OTHER EQUITY | B33: 023 | C33: =SUM(C31:C32) -> 0
A35: TOTAL LIABILITIES, FUND BALANCES, EQUITY | B35: 024 | C35: =SUM(C21,C28,C33) -> 0

Sheet Schedule 19
A1: Schedule 19: Statement of Revenue and Expenses
C2: 001
A3: Home Care Service Revenue:
A4: Medicaid | B4: 001 | C4: =SUM(C5:C6) -> 0
A5: Fee-for-service | B5: 002
A6: Managed Care | B6: 003
A7: Medicare | B7: 004
A8: Private Pay | B8: 005
A9: Commercial | B9: 006
A10: Other Government Programs | B10: 007
A11: Other | B11: 008
A12: TOTAL HOME CARE SERVICE REVENUE | B12: 009 | C12: =SUM(C5:C11) -> 0
A14: TOTAL OTHER OPERATING REVENUE* | B14: 010
A16: TOTAL OPERATING REVENUE | B16: 011 | C16: =SUM(C12,C14) -> 0
A18: Operating Expenses:
A19: Non-Revenue Support Services | B19: 012
A20: Ancillary Service Revenue Centers | B20: 013
A21: Program Services Revenue Centers | B21: 014
A22: TOTAL OPERATING EXPENSES | B22: 015 | C22: =SUM(C19:C21) -> 0
A24: Excess (Deficiency) of Operating Revenues Over Expenses | B24: 016 | C24: =C16-C22 -> 0
A26: Nonoperating Revenue:
A27: Income from Investments: | B27: 017
A28: Interest Income | B28: 018
A29: Gain on Sale of Fixed Assets | B29: 019
A30: Other Nonoperating Revenue | B30: 020
A31: Excess (deficiency) of Operating Revenues Over Expenses | B31: 021 | C31: =SUM(C27:C30) -> 0
A33: Nonoperating Expenses:
A34: Federal, State and Local Taxes | B34: 022
A35: Other Nonoperating Expenses | B35: 023
A36: TOTAL NONOPERATING EXPENSES | B36: 024 | C36: =SUM(C34:C35) -> 0
A38: Excess (Deficiency) of Non-Operating Revenues over Non-Operating Expenses | B38: 025 | C38: =C31-C36 -> 0
A39: Excess of Total Revenues over Total Expenses (Expenses over Revenues) Before Extraordinary Gain (Loss) | B39: 026 | C39: =C16+C31-(C22+C36) -> 0
A41: Extraordinary Gain (Loss) | B41: 027
A43: Excess of Total Revenues over Total Expenses (Expenses over Revenues) after Extraordinary Gain (Loss) | B43: 028 | C43: =C39+C41 -> 0
A44: *If Total Other Operating Revenue exceeds 10% of the total revenue, you are required to complete an additional schedule breaking out these revenues.

Sheet Schedule 20
A2: Minimum Wage Law Certification
A3: Public Health Law § 3614f increased the minimum wage for home care aides in New York State. According to the Law, “home care aide” means a home health aide, personal care aide, home attendant or other licensed or unlicensed person whose primary responsibility includes the provision of in-home assistance with activities of daily living, instrumental activities of daily living or health-related tasks; provided, however, that home care aide does not include any individual (i) working on a casual basis, or (ii) who is a relative through blood, marriage or adoption of: (1) the employer; or (2) the person for whom the worker is delivering services, under a program funded or administered by federal, state or local government. Home care aides may be owed extra pay in addition to minimum wage rates for: • Overtime - Home care aides must be paid 1½ times their regular rate of pay for weekly hours over 40 (or 44 for residential employees). • Call-in pay - If home care aides go to work as scheduled and their employer sends them home early, they may be entitled to extra hours of pay at the minimum wage rate for that day. • Spread of hours - If a home care aides workday lasts longer than ten hours, they may be entitled to extra daily pay. The daily rate is equal to one hour of pay at the minimum wage rate. • Uniform maintenance - If home care aides clean their own uniform, they may be entitled to additional weekly pay. The only time an employer may reduce wages below minimum wage is to claim a limited allowance for meals and lodging, provided they do not charge for those services. For additional information about the minimum wage for home care aides, please see the Home Care Aide Minimum Wage fact sheet (P105). Using the options below, please certify whether your agency was in compliance with Public Health Law § 3614f Home Care Minimum Wage for the 2023 Cost Report Year. If your agency indicates that it was not in compliance, it must provide an explanation and provide a corrective action plan. The Department requires that the certification be completed by an officer of the home care agency or a member of the home care agency’s senior management team. It is strongly recommended that this individual be the agency’s CEO, CFO, VP of Finance, or equivalent. Please provide the name and title of the official certifying compliance with the Minimum Wage Law. Name: ______________ Title: ___________ Email Address: ___________ Please respond and submit: ○ I certify that Agency was in compliance with the New York State Minimum Wage Law § 3614f for the 2023 Cost Report Year. ○ I certify that Agency was in not compliance with the New York State Minimum Wage Law § 3614f for the 2023 Cost Report Year and provided the following explanation and corrective action plan. Minimum Wage Certification submitted on DATE. Please proceed to Schedule 20 below, which requires the reporting of wages and hours for a sample of home care aides. The Schedule begins with five questions. Thank you.
A38: Minimum Wage Questions
A39: In accordance with section 4.(a) of Public Health Law § 3614f, the Department is authorized to request wages paid to home care aides, including individually identifiable data and payroll reports. Employers shall provide any documents or materials in the employer's possession to support or verify the employer's submission. Schedule 20 serves as the Department's request. This Schedule requires the reporting of wages and hours for a sample of 30 hourly paid (non-exempt) direct care employees. The agency may select the sample of employees. Information entered is subject to audit. Supporting documentation must be provided for 100% of the agency's employee population for the 2023 Cost Report Year along with the Cost Report submission, such as a detailed payroll register. If your agency did not employ at least 30 non-exempt direct care workers, please respond to question #1 accordingly and enter the requested information in Schedule 20 for all non-exempt direct care employees at your agency. Note that the sample size of 30 is subject to change at the discretion of the Department. 1. Did your agency employ at least 30 FTE or PTE direct care hourly paid employees during the 2023 Cost Report Year? (For CHHAs, this does not include Direct Care employees with a Job Type of "Nursing Supervision/Assessment," "Supervisor," "Home Health Registered Nurse," "Home Health Nutritionist/Dietician, "Home Health Speech Therapist, or "Home Health Social & Environmental Support Worker" as these are not available Job Types in the drop-down menu in Schedule 20.) ○ Yes, and I selected a sample of 30 employees to include in Schedule 20. ○ No, but I included 100% of all FTE and PTE direct care hourly paid employees in Schedule 20. 2. In the sample of employees selected, did your agency include an employee who worked in two different minimum wage locations for this cost report year? If yes, please enter this employee on two separate rows with the same employee ID using the wages and hours from the two different minimum wage locations. One location includes employees who served New York City, Long Island, or Westchester and the second location includes employees who served the remainder of New York State. ○ Yes, and I included two rows for each of the applicable employee(s) in Schedule 20 below, along with the corresponding wages and hours for each location. ○ N/A 3. In the sample of employees selected, did your agency include an employee who worked for more than one Entity (CHHA, LHCSA, or FI) during this cost report year? If yes, please enter this employee on multiple row(s) with the same employee ID using the corresponding wages and hours from the different entities. ○ Yes, and I entered each of the applicable employee(s) on multiple row(s) in Schedule 20 below, along with the corresponding wages and hours for each of the entities. ○ N/A 4. In the sample of employees selected, did your agency include an employee who worked as more than one Direct Care Job Type for this cost report year? If yes, please enter this employee on multiple row(s) with the same employee ID using the corresponding wages and hours received from the different job type(s). ○ Yes, and I entered each of the applicable employee(s) on multiple row(s) in Schedule 20 below, along with the corresponding wages and hours for each of their job type(s). ○ N/A 5. According to the Home Care Aide Minimum Wage Fact Sheet published by the NYS Department of Labor, "the only time an employer may reduce wages below minimum wage is to claim a limited allowance for meals and lodging, provided they do not charge for those services." Does this statement apply to any of the sample of employees selected? ○ Yes, and that is why the average wages appear to be below minimum wage for one or more employee, because they were reimbursed for meals and lodging. I understand this information is subject to audit. ○ Yes, but this did not reduce their average wages below minimum wage. ○ N/A
A72: Minimum Wage Cost Report Schedule 20: Sample of 30 Hourly (Non-Exempt) Direct Care Employees | I72: Minimum Wages
A73: No. | B73: Unique Employee ID (no PII, e.g. SSNs) | C73: Entity Type: CHHA, LHCSA, or FI (drop-down menu) | D73: Direct Care Job Type (drop-down menu) | E73: Total Employee Base Wages (does not include OT, Call-In Pay, Spread of Hours Pay, or Uniform Maintenance Pay) | F73: Total Employee Base Hours (does not include OT hours) | G73: Employee Average Hourly Pay Rate | H73: Employee's Location: NYC, LI & Westchester, or remaining NYS (drop-down menu) | I73: Was the employee paid minimum wage? | J73: Minimum Wage for Home Care Aides as of 10/01/2022 - 12/30/2022 ($17 or $15.20) | K73: Minimum Wage for Home Care Aides as of 12/31/2022 - 12/31/2023 ($17 or $16.20) | L73: Minimum Wage for Home Care Aides as of 1/1/2024 - 12/31/2024 ($18.55 or $17.55) | M73: Minimum Wage for Home Care Aides as of 1/1/2025 - 12/31/2026 ($19.10 or $18.10) | N73: Minimum Wage for Home Care Aides as of 1/1/2026 - 12/31/2027 ($19.65 or $118.65)
A74: 1 | C74: Select a type | D74: Select a type | H74: Select a type
A75: 2 | C75: Select a type | D75: Select a type | H75: Select a type
A76: 3 | C76: Select a type | D76: Select a type | H76: Select a type
A77: 4 | C77: Select a type | D77: Select a type | H77: Select a type
A78: 5 | C78: Select a type | D78: Select a type | H78: Select a type
A79: 6 | C79: Select a type | D79: Select a type | H79: Select a type
A80: 7 | C80: Select a type | D80: Select a type | H80: Select a type
A81: 8 | C81: Select a type | D81: Select a type | H81: Select a type
A82: 9 | C82: Select a type | D82: Select a type | H82: Select a type
A83: 10 | C83: Select a type | D83: Select a type | H83: Select a type
A84: 11 | C84: Select a type | D84: Select a type | H84: Select a type
A85: 12 | C85: Select a type | D85: Select a type | H85: Select a type
... A103: 30 | C103: Select a type | D103: Select a type | H103: Select a type
